Workbook
Name RiskExcelReportsGoInNewWorkbook: FALSE
Name RiskMinimizeOnStart: FALSE
Name RiskMonitorConvergence: FALSE
Name RiskPauseOnError: FALSE
Name RiskRealTimeResults: FALSE
Name RiskRunAfterRecalcMacro: FALSE
Name RiskRunAfterSimMacro: FALSE
Name RiskRunBeforeRecalcMacro: FALSE
Name RiskRunBeforeSimMacro: FALSE
Name RiskUpdateDisplay: FALSE
Name RiskUseDifferentSeedForEachSim: FALSE
Name RiskUseFixedSeed: FALSE
Name RiskUseMultipleCPUs: FALSE

Sheet SUMMARY
B2: Lake Kai - Land Valuation Analysis | T2: =NOW() -> 46308.959 | Z2: =+B2 -> Lake Kai - Land Valuation Analysis | AK2: =NOW() -> 46308.959
B4: GENERAL ASSUMPTIONS | I4: TRANSACTION SUMMARY | N4: LAKE KAI RESORT VACANTION COMMUNITY CONCEPT SITE PLAN | V4: LOT MIX - PRICING DETAIL | Z4: LOT ABSORPTION ASSUMPTIONS
I5: Owner / Developer: | L5: NWI Development Group
B6: Analysis Start Date | G6: 46388 | I6: Reasons for Developing: | L6: Fund Investment | V6: Lot Number | W6: Grade | X6: Sale Price | Z6: Lot Sales - Closing Costs | AK6: 0.06
B7: Month One of the Analysis | G7: =EOMONTH(G6,0) -> 46418 | I7: Closing Date: | L7: 46388 | V7: =+'Lot Pricing'!A4 -> 1 | W7: =+'Lot Pricing'!B4 -> Crescent Homes | X7: =+'Lot Pricing'!C4*$AC$70 -> 500000 | Z7: Scenario Selected | AG7: Legacy / inactive | AH7: Legacy / inactive | AK7: 1
B8: End Period of Project | G8: =Proforma!BC4 -> 50 | I8: Expected Investment Period (Years) | L8: =G8/12 -> 4.1666667 | V8: =+'Lot Pricing'!A5 -> 2 | W8: =+'Lot Pricing'!B5 -> Crescent Homes | X8: =+'Lot Pricing'!C5*$AC$70 -> 500000 | AF8: Lot Absorption (Months)
B9: Number of Lots | G9: 88 | I9: Total Land Area (Acres and sq. ft.) | K9: =40.77+0.036 -> 40.806 | L9: =+K9*43560 -> 1777509.4 | V9: =+'Lot Pricing'!A6 -> 3 | W9: =+'Lot Pricing'!B6 -> Crescent Homes | X9: =+'Lot Pricing'!C6*$AC$70 -> 500000 | AB9: Lot Sale Detail | AF9: 1 | AG9: =+AF9+1 -> 2 | AH9: =+AG9+1 -> 3 | AJ9: Sale | AK9: Net
B10: Rate of Lot Absorption per Month | G10: 2 | I10: Lake Land Area | K10: 23.93 | L10: =+K10*43560 -> 1042390.8 | V10: =+'Lot Pricing'!A7 -> 4 | W10: =+'Lot Pricing'!B7 -> Crescent Homes | X10: =+'Lot Pricing'!C7*$AC$70 -> 500000 | Z10: Month | AA10: Period | AB10: Lot Sales | AC10: Total Sales | AD10: Gross Lot Sales | AF10: =$G$8 -> 50 | AG10: 48 | AH10: 48 | AJ10: Commission | AK10: Revenue
B11: No. of Lots Contracted/Closed in Year One | G11: =CONCATENATE(Proforma!BH7," / ",Proforma!BH9) -> 16 / 0 | I11: Upland area | K11: =+K9-K10 -> 16.876 | L11: =+K11*43560 -> 735118.56 | V11: =+'Lot Pricing'!A8 -> 5 | W11: =+'Lot Pricing'!B8 -> Crescent Homes | X11: =+'Lot Pricing'!C8*$AC$70 -> 500000 | Z11: =Proforma!F4 -> 1 | AA11: =Proforma!F5 -> 46418 | AB11: =Proforma!F9 -> 0 | AC11: =Proforma!F10 -> 0 | AD11: =Proforma!F17 -> 0 | AF11: =AB11 -> 0 | AG11: 0 | AH11: 0 | AJ11: =+AD11*$AK$6 -> 0 | AK11: =+AD11-AJ11 -> 0
B12: No. of Lots Contracted/Closed in Year Two | G12: =CONCATENATE(Proforma!BI7," / ",Proforma!BI9) -> 24 / 0 | I12: Investment Thesis | V12: =+'Lot Pricing'!A9 -> 6 | W12: =+'Lot Pricing'!B9 -> Crescent Homes | X12: =+'Lot Pricing'!C9*$AC$70 -> 500000 | Z12: =Proforma!G4 -> 2 | AA12: =Proforma!G5 -> 46446 | AB12: =Proforma!G9 -> 0 | AC12: =Proforma!G10 -> 0 | AD12: =Proforma!G17 -> 0 | AF12: =AB12 -> 0 | AG12: 0 | AH12: 0 | AJ12: =+AD12*$AK$6 -> 0 | AK12: =+AD12-AJ12 -> 0
B13: No. of Lots Contracted/Closed in Year Three | G13: =CONCATENATE(Proforma!BJ7," / ",Proforma!BJ9) -> 24 / 60 | V13: =+'Lot Pricing'!A10 -> 7 | W13: =+'Lot Pricing'!B10 -> Crescent Homes | X13: =+'Lot Pricing'!C10*$AC$70 -> 500000 | Z13: =Proforma!H4 -> 3 | AA13: =Proforma!H5 -> 46477 | AB13: =Proforma!H9 -> 0 | AC13: =Proforma!H10 -> 0 | AD13: =Proforma!H17 -> 0 | AF13: =AB13 -> 0 | AG13: 0 | AH13: 0 | AJ13: =+AD13*$AK$6 -> 0 | AK13: =+AD13-AJ13 -> 0
B14: No. of Lots Contracted/Closed in Year Four | G14: =CONCATENATE(Proforma!BK7," / ",Proforma!BK9) -> 24 / 24 | V14: =+'Lot Pricing'!A11 -> 8 | W14: =+'Lot Pricing'!B11 -> Crescent Homes | X14: =+'Lot Pricing'!C11*$AC$70 -> 500000 | Z14: =Proforma!I4 -> 4 | AA14: =Proforma!I5 -> 46507 | AB14: =Proforma!I9 -> 0 | AC14: =Proforma!I10 -> 0 | AD14: =Proforma!I17 -> 0 | AF14: =AB14 -> 0 | AG14: 0 | AH14: 0 | AJ14: =+AD14*$AK$6 -> 0 | AK14: =+AD14-AJ14 -> 0
B15: No. of Lots Contracted/Closed in Year Five | G15: =CONCATENATE(Proforma!BL7," / ",Proforma!BL9) -> 0 / 4 | V15: =+'Lot Pricing'!A12 -> 9 | W15: =+'Lot Pricing'!B12 -> Court Homes | X15: =+'Lot Pricing'!C12*$AC$70 -> 300000 | Z15: =Proforma!J4 -> 5 | AA15: =Proforma!J5 -> 46538 | AB15: =Proforma!J9 -> 0 | AC15: =Proforma!J10 -> 0 | AD15: =Proforma!J17 -> 0 | AF15: =AB15 -> 0 | AG15: 0 | AH15: 0 | AJ15: =+AD15*$AK$6 -> 0 | AK15: =+AD15-AJ15 -> 0
V16: =+'Lot Pricing'!A13 -> 10 | W16: =+'Lot Pricing'!B13 -> Court Homes | X16: =+'Lot Pricing'!C13*$AC$70 -> 300000 | Z16: =Proforma!K4 -> 6 | AA16: =Proforma!K5 -> 46568 | AB16: =Proforma!K9 -> 0 | AC16: =Proforma!K10 -> 0 | AD16: =Proforma!K17 -> 0 | AF16: =AB16 -> 0 | AG16: 0 | AH16: 0 | AJ16: =+AD16*$AK$6 -> 0 | AK16: =+AD16-AJ16 -> 0
B17: SOURCES AND USES | V17: =+'Lot Pricing'!A14 -> 11 | W17: =+'Lot Pricing'!B14 -> Court Homes | X17: =+'Lot Pricing'!C14*$AC$70 -> 300000 | Z17: =Proforma!L4 -> 7 | AA17: =Proforma!L5 -> 46599 | AB17: =Proforma!L9 -> 0 | AC17: =Proforma!L10 -> 0 | AD17: =Proforma!L17 -> 0 | AF17: =AB17 -> 0 | AG17: 0 | AH17: 0 | AJ17: =+AD17*$AK$6 -> 0 | AK17: =+AD17-AJ17 -> 0
B18: Sources | C18: Per Lot | F18: Percent | V18: =+'Lot Pricing'!A15 -> 12 | W18: =+'Lot Pricing'!B15 -> Court Homes | X18: =+'Lot Pricing'!C15*$AC$70 -> 300000 | Z18: =Proforma!M4 -> 8 | AA18: =Proforma!M5 -> 46630 | AB18: =Proforma!M9 -> 0 | AC18: =Proforma!M10 -> 0 | AD18: =Proforma!M17 -> 0 | AF18: =AB18 -> 0 | AG18: 0 | AH18: 0 | AJ18: =+AD18*$AK$6 -> 0 | AK18: =+AD18-AJ18 -> 0
B19: All Cash | C19: =E19/G9 -> 132960.23 | E19: =E32 -> 11700500 | F19: 1 | V19: =+'Lot Pricing'!A16 -> 13 | W19: =+'Lot Pricing'!B16 -> Court Homes | X19: =+'Lot Pricing'!C16*$AC$70 -> 300000 | Z19: =Proforma!N4 -> 9 | AA19: =Proforma!N5 -> 46660 | AB19: =Proforma!N9 -> 0 | AC19: =Proforma!N10 -> 0 | AD19: =Proforma!N17 -> 0 | AF19: =AB19 -> 0 | AG19: 0 | AH19: 0 | AJ19: =+AD19*$AK$6 -> 0 | AK19: =+AD19-AJ19 -> 0
V20: =+'Lot Pricing'!A17 -> 14 | W20: =+'Lot Pricing'!B17 -> Court Homes | X20: =+'Lot Pricing'!C17*$AC$70 -> 300000 | Z20: =Proforma!O4 -> 10 | AA20: =Proforma!O5 -> 46691 | AB20: =Proforma!O9 -> 0 | AC20: =Proforma!O10 -> 0 | AD20: =Proforma!O17 -> 0 | AF20: =AB20 -> 0 | AG20: 0 | AH20: 0 | AJ20: =+AD20*$AK$6 -> 0 | AK20: =+AD20-AJ20 -> 0
B21: Total Sources | C21: =C19 -> 132960.23 | E21: =E19 -> 11700500 | F21: =F19 -> 1 | V21: =+'Lot Pricing'!A18 -> 15 | W21: =+'Lot Pricing'!B18 -> Manor Homes | X21: =+'Lot Pricing'!C18*$AC$70 -> 600000 | Z21: =Proforma!P4 -> 11 | AA21: =Proforma!P5 -> 46721 | AB21: =Proforma!P9 -> 0 | AC21: =Proforma!P10 -> 0 | AD21: =Proforma!P17 -> 0 | AF21: =AB21 -> 0 | AG21: 0 | AH21: 0 | AJ21: =+AD21*$AK$6 -> 0 | AK21: =+AD21-AJ21 -> 0
I22: PROFIT ANALYSIS SUMMARY | V22: =+'Lot Pricing'!A19 -> 16 | W22: =+'Lot Pricing'!B19 -> Manor Homes | X22: =+'Lot Pricing'!C19*$AC$70 -> 600000 | Z22: =Proforma!Q4 -> 12 | AA22: =Proforma!Q5 -> 46752 | AB22: =Proforma!Q9 -> 0 | AC22: =Proforma!Q10 -> 0 | AD22: =Proforma!Q17 -> 0 | AF22: =AB22 -> 0 | AG22: 0 | AH22: 0 | AJ22: =+AD22*$AK$6 -> 0 | AK22: =+AD22-AJ22 -> 0
B23: Uses | C23: Per Lot | F23: Percent | V23: =+'Lot Pricing'!A20 -> 17 | W23: =+'Lot Pricing'!B20 -> Manor Homes | X23: =+'Lot Pricing'!C20*$AC$70 -> 600000 | Z23: =Proforma!R4 -> 13 | AA23: =Proforma!R5 -> 46783 | AB23: =Proforma!R9 -> 0 | AC23: =Proforma!R10 -> 0 | AD23: =Proforma!R17 -> 0 | AF23: =AB23 -> 0 | AG23: 0 | AH23: 0 | AJ23: =+AD23*$AK$6 -> 0 | AK23: =+AD23-AJ23 -> 0
B24: Site Acquisition (Month 1 and 13) | C24: =E24/G9 -> 0 | E24: =Proforma!E22+Proforma!R22 -> 0 | F24: =+E24/$E$32 -> 0 | I24: Sales Proceeds | L24: ='Lot Pricing'!J5 -> Per Lot | V24: =+'Lot Pricing'!A21 -> 18 | W24: =+'Lot Pricing'!B21 -> Manor Homes | X24: =+'Lot Pricing'!C21*$AC$70 -> 600000 | Z24: =Proforma!S4 -> 14 | AA24: =Proforma!S5 -> 46812 | AB24: =Proforma!S9 -> 0 | AC24: =Proforma!S10 -> 0 | AD24: =Proforma!S17 -> 0 | AF24: =AB24 -> 0 | AG24: 0 | AH24: 0 | AJ24: =+AD24*$AK$6 -> 0 | AK24: =+AD24-AJ24 -> 0
B25: 0.04 | C25: =E25/$G$9 -> 0 | E25: =Proforma!BD23 -> 0 | F25: =+E25/$E$32 -> 0 | I25: Gross Lot Sales Proceeds | K25: ='Lot Pricing'!H6 -> 35800221 | L25: ='Lot Pricing'!J6 -> 406820.69 | V25: =+'Lot Pricing'!A22 -> 19 | W25: =+'Lot Pricing'!B22 -> Manor Homes | X25: =+'Lot Pricing'!C22*$AC$70 -> 600000 | Z25: =Proforma!T4 -> 15 | AA25: =Proforma!T5 -> 46843 | AB25: =Proforma!T9 -> 0 | AC25: =Proforma!T10 -> 0 | AD25: =Proforma!T17 -> 0 | AF25: =AB25 -> 0 | AG25: 0 | AH25: 0 | AJ25: =+AD25*$AK$6 -> 0 | AK25: =+AD25-AJ25 -> 0
B26: 0.03 | C26: =E26/$G$9 -> 0 | E26: =Proforma!BD24 -> 0 | F26: =+E26/$E$32 -> 0 | I26: Less Closing Costs (6%) | K26: ='Lot Pricing'!H7 -> -2148013.3 | L26: ='Lot Pricing'!J7 -> -24409.242 | V26: =+'Lot Pricing'!A23 -> 20 | W26: =+'Lot Pricing'!B23 -> Big House Rental | X26: =+'Lot Pricing'!C23*$AC$70 -> 225000 | Z26: =Proforma!U4 -> 16 | AA26: =Proforma!U5 -> 46873 | AB26: =Proforma!U9 -> 0 | AC26: =Proforma!U10 -> 0 | AD26: =Proforma!U17 -> 0 | AF26: =AB26 -> 0 | AG26: 0 | AH26: 0 | AJ26: =+AD26*$AK$6 -> 0 | AK26: =+AD26-AJ26 -> 0
B27: Developer Fee | C27: =E27/$G$9 -> 6818.1818 | E27: =Proforma!BD25 -> 600000 | F27: =+E27/$E$32 -> 0.051279859 | I27: Net Sales Proceeds | K27: ='Lot Pricing'!H8 -> 33652208 | L27: ='Lot Pricing'!J8 -> 382411.45 | V27: =+'Lot Pricing'!A24 -> 21 | W27: =+'Lot Pricing'!B24 -> Big House Rental | X27: =+'Lot Pricing'!C24*$AC$70 -> 225000 | Z27: =Proforma!V4 -> 17 | AA27: =Proforma!V5 -> 46904 | AB27: =Proforma!V9 -> 0 | AC27: =Proforma!V10 -> 0 | AD27: =Proforma!V17 -> 0 | AF27: =AB27 -> 0 | AG27: 0 | AH27: 0 | AJ27: =+AD27*$AK$6 -> 0 | AK27: =+AD27-AJ27 -> 0
B28: =Proforma!A26 -> Entitlement | C28: =E28/$G$9 -> 16312.5 | E28: =SUM(Proforma!BD27:BD50) -> 1435500 | F28: =+E28/$E$32 -> 0.12268706 | V28: =+'Lot Pricing'!A25 -> 22 | W28: =+'Lot Pricing'!B25 -> Big House Rental | X28: =+'Lot Pricing'!C25*$AC$70 -> 225000 | Z28: =Proforma!W4 -> 18 | AA28: =Proforma!W5 -> 46934 | AB28: =Proforma!W9 -> 0 | AC28: =Proforma!W10 -> 0 | AD28: =Proforma!W17 -> 0 | AF28: =AB28 -> 0 | AG28: 0 | AH28: 0 | AJ28: =+AD28*$AK$6 -> 0 | AK28: =+AD28-AJ28 -> 0
B29: =Proforma!A51 -> Hard Costs | C29: =E29/$G$9 -> 93397.863 | E29: =SUM(Proforma!BD52:BD66) -> 8219011.9 | F29: =+E29/$E$32 -> 0.70244962 | I29: Project Costs | V29: =+'Lot Pricing'!A26 -> 23 | W29: =+'Lot Pricing'!B26 -> Big House Rental | X29: =+'Lot Pricing'!C26*$AC$70 -> 225000 | Z29: =Proforma!X4 -> 19 | AA29: =Proforma!X5 -> 46965 | AB29: =Proforma!X9 -> 0 | AC29: =Proforma!X10 -> 0 | AD29: =Proforma!X17 -> 0 | AF29: =AB29 -> 0 | AG29: 2 | AH29: 2 | AJ29: =+AD29*$AK$6 -> 0 | AK29: =+AD29-AJ29 -> 0
B30: =Proforma!A67 -> Soft Costs | C30: =E30/$G$9 -> 16431.685 | E30: =SUM(Proforma!BD68:BD78)+Proforma!BD79 -> 1445988.3 | F30: =+E30/$E$32 -> 0.12358346 | I30: Site Acquisition | K30: =E24 -> 0 | L30: =C24 -> 0 | V30: =+'Lot Pricing'!A27 -> 24 | W30: =+'Lot Pricing'!B27 -> Big House Rental | X30: =+'Lot Pricing'!C27*$AC$70 -> 225000 | Z30: =Proforma!Y4 -> 20 | AA30: =Proforma!Y5 -> 46996 | AB30: =Proforma!Y9 -> 0 | AC30: =Proforma!Y10 -> 0 | AD30: =Proforma!Y17 -> 0 | AF30: =AB30 -> 0 | AG30: 3 | AH30: 3 | AJ30: =+AD30*$AK$6 -> 0 | AK30: =+AD30-AJ30 -> 0
I31: Closing Costs | K31: =E25 -> 0 | L31: =C25 -> 0 | V31: =+'Lot Pricing'!A28 -> 25 | W31: =+'Lot Pricing'!B28 -> Big House Rental | X31: =+'Lot Pricing'!C28*$AC$70 -> 225000 | Z31: =Proforma!Z4 -> 21 | AA31: =Proforma!Z5 -> 47026 | AB31: =Proforma!Z9 -> 0 | AC31: =Proforma!Z10 -> 0 | AD31: =Proforma!Z17 -> 0 | AF31: =AB31 -> 0 | AG31: 2 | AH31: 2 | AJ31: =+AD31*$AK$6 -> 0 | AK31: =+AD31-AJ31 -> 0
B32: Total Uses | C32: =SUM(C24:C30) -> 132960.23 | E32: =SUM(E24:E30) -> 11700500 | F32: =SUM(F24:F31) -> 1 | I32: Acquisition Fee | K32: =E26 -> 0 | L32: =C26 -> 0 | N32: LAND ALLOCATION | O32: UNIT COUNT | P32: DIMENSIONS W x D | R32: SF | T32: VALUE/LOT | V32: =+'Lot Pricing'!A29 -> 26 | W32: =+'Lot Pricing'!B29 -> Big House Rental | X32: =+'Lot Pricing'!C29*$AC$70 -> 225000 | Z32: =Proforma!AA4 -> 22 | AA32: =Proforma!AA5 -> 47057 | AB32: =Proforma!AA9 -> 0 | AC32: =Proforma!AA10 -> 0 | AD32: =Proforma!AA17 -> 0 | AF32: =AB32 -> 0 | AG32: 3 | AH32: 3 | AJ32: =+AD32*$AK$6 -> 0 | AK32: =+AD32-AJ32 -> 0
I33: Developer Fee | K33: =E27 -> 600000 | L33: =C27 -> 6818.1818 | N33: Crescent Homes | O33: 8 | P33: 40 | Q33: 70 | R33: =P33*Q33 -> 2800 | T33: ='Lot Pricing'!C4 -> 500000 | V33: =+'Lot Pricing'!A30 -> 27 | W33: =+'Lot Pricing'!B30 -> Big House Rental | X33: =+'Lot Pricing'!C30*$AC$70 -> 225000 | Z33: =Proforma!AB4 -> 23 | AA33: =Proforma!AB5 -> 47087 | AB33: =Proforma!AB9 -> 0 | AC33: =Proforma!AB10 -> 0 | AD33: =Proforma!AB17 -> 0 | AF33: =AB33 -> 0 | AG33: 2 | AH33: 2 | AJ33: =+AD33*$AK$6 -> 0 | AK33: =+AD33-AJ33 -> 0
B34: NOTES | I34: =B28 -> Entitlement | K34: =E28 -> 1435500 | L34: =C28 -> 16312.5 | N34: Court Homes | O34: 6 | P34: 28 | Q34: 40 | R34: =P34*Q34 -> 1120 | T34: ='Lot Pricing'!C12 -> 300000 | V34: =+'Lot Pricing'!A31 -> 28 | W34: =+'Lot Pricing'!B31 -> Big House Rental | X34: =+'Lot Pricing'!C31*$AC$70 -> 225000 | Z34: =Proforma!AC4 -> 24 | AA34: =Proforma!AC5 -> 47118 | AB34: =Proforma!AC9 -> 0 | AC34: =Proforma!AC10 -> 0 | AD34: =Proforma!AC17 -> 0 | AF34: =AB34 -> 0 | AG34: 3 | AH34: 3 | AJ34: =+AD34*$AK$6 -> 0 | AK34: =+AD34-AJ34 -> 0
I35: =B29 -> Hard Costs | K35: =E29 -> 8219011.9 | L35: =C29 -> 93397.863 | N35: Manor Homes | O35: 5 | P35: 60 | Q35: 90 | R35: =P35*Q35 -> 5400 | T35: ='Lot Pricing'!C18 -> 600000 | V35: =+'Lot Pricing'!A32 -> 29 | W35: =+'Lot Pricing'!B32 -> Big House Rental | X35: =+'Lot Pricing'!C32*$AC$70 -> 225000 | Z35: =Proforma!AD4 -> 25 | AA35: =Proforma!AD5 -> 47149 | AB35: =Proforma!AD9 -> 38 | AC35: =Proforma!AD10 -> 38 | AD35: =Proforma!AD17 -> 15435787 | AF35: =AB35 -> 38 | AG35: 2 | AH35: 2 | AJ35: =+AD35*$AK$6 -> 926147.2 | AK35: =+AD35-AJ35 -> 14509639
I36: =B30 -> Soft Costs | K36: =E30 -> 1445988.3 | L36: =C30 -> 16431.685 | N36: Big House Condo | O36: 12 | P36: - | Q36: - | R36: - | T36: ='Lot Pricing'!C23 -> 225000 | V36: =+'Lot Pricing'!A33 -> 30 | W36: =+'Lot Pricing'!B33 -> Big House Rental | X36: =+'Lot Pricing'!C33*$AC$70 -> 225000 | Z36: =Proforma!AE4 -> 26 | AA36: =Proforma!AE5 -> 47177 | AB36: =Proforma!AE9 -> 2 | AC36: =Proforma!AE10 -> 40 | AD36: =Proforma!AE17 -> 812409.82 | AF36: =AB36 -> 2 | AG36: 3 | AH36: 3 | AJ36: =+AD36*$AK$6 -> 48744.589 | AK36: =+AD36-AJ36 -> 763665.23
I37: Subtotal Costs | K37: =SUM(K30:K36) -> 11700500 | L37: =SUM(L30:L36) -> 132960.23 | N37: Treehouses | O37: 4 | P37: 36 | Q37: 36 | R37: =P37*Q37 -> 1296 | T37: ='Lot Pricing'!C35 -> 250000 | V37: =+'Lot Pricing'!A34 -> 31 | W37: =+'Lot Pricing'!B34 -> Big House Rental | X37: =+'Lot Pricing'!C34*$AC$70 -> 225000 | Z37: =Proforma!AF4 -> 27 | AA37: =Proforma!AF5 -> 47208 | AB37: =Proforma!AF9 -> 2 | AC37: =Proforma!AF10 -> 42 | AD37: =Proforma!AF17 -> 812409.82 | AF37: =AB37 -> 2 | AG37: 2 | AH37: 2 | AJ37: =+AD37*$AK$6 -> 48744.589 | AK37: =+AD37-AJ37 -> 763665.23
N38: Pool Bungalows | O38: 9 | P38: 28 | Q38: 40 | R38: =P38*Q38 -> 1120 | T38: ='Lot Pricing'!C39 -> 300000 | V38: =+'Lot Pricing'!A35 -> 32 | W38: =+'Lot Pricing'!B35 -> Tree houses | X38: =+'Lot Pricing'!C35*$AC$70 -> 250000 | Z38: =Proforma!AG4 -> 28 | AA38: =Proforma!AG5 -> 47238 | AB38: =Proforma!AG9 -> 2 | AC38: =Proforma!AG10 -> 44 | AD38: =Proforma!AG17 -> 812409.82 | AF38: =AB38 -> 2 | AG38: 3 | AH38: 3 | AJ38: =+AD38*$AK$6 -> 48744.589 | AK38: =+AD38-AJ38 -> 763665.23
I39: Net Cash Flow | K39: =K27-K37 -> 21951707 | L39: =L27-L37 -> 249451.22 | N39: Lake Cottages | O39: 8 | P39: =46 -> 46 | Q39: 64 | R39: =P39*Q39 -> 2944 | T39: ='Lot Pricing'!C48 -> 450000 | V39: =+'Lot Pricing'!A36 -> 33 | W39: =+'Lot Pricing'!B36 -> Tree houses | X39: =+'Lot Pricing'!C36*$AC$70 -> 250000 | Z39: =Proforma!AH4 -> 29 | AA39: =Proforma!AH5 -> 47269 | AB39: =Proforma!AH9 -> 2 | AC39: =Proforma!AH10 -> 46 | AD39: =Proforma!AH17 -> 812409.82 | AF39: =AB39 -> 2 | AG39: 2 | AH39: 2 | AJ39: =+AD39*$AK$6 -> 48744.589 | AK39: =+AD39-AJ39 -> 763665.23
N40: Dune Homes | O40: 9 | P40: 55 | Q40: 90 | R40: =P40*Q40 -> 4950 | T40: ='Lot Pricing'!C56 -> 400000 | V40: =+'Lot Pricing'!A37 -> 34 | W40: =+'Lot Pricing'!B37 -> Tree houses | X40: =+'Lot Pricing'!C37*$AC$70 -> 250000 | Z40: =Proforma!AI4 -> 30 | AA40: =Proforma!AI5 -> 47299 | AB40: =Proforma!AI9 -> 2 | AC40: =Proforma!AI10 -> 48 | AD40: =Proforma!AI17 -> 812409.82 | AF40: =AB40 -> 2 | AG40: 3 | AH40: 3 | AJ40: =+AD40*$AK$6 -> 48744.589 | AK40: =+AD40-AJ40 -> 763665.23
I41: Peak Equity | K41: ='Lot Pricing'!H23 -> 11303559 | N41: Lake Cottages | O41: 24 | P41: 46 | Q41: 64 | R41: =P41*Q41 -> 2944 | T41: ='Lot Pricing'!C65 -> 450000 | V41: =+'Lot Pricing'!A38 -> 35 | W41: =+'Lot Pricing'!B38 -> Tree houses | X41: =+'Lot Pricing'!C38*$AC$70 -> 250000 | Z41: =Proforma!AJ4 -> 31 | AA41: =Proforma!AJ5 -> 47330 | AB41: =Proforma!AJ9 -> 2 | AC41: =Proforma!AJ10 -> 50 | AD41: =Proforma!AJ17 -> 812409.82 | AF41: =AB41 -> 2 | AG41: 2 | AH41: 2 | AJ41: =+AD41*$AK$6 -> 48744.589 | AK41: =+AD41-AJ41 -> 763665.23
N42: Forest Homes | O42: 3 | P42: 90 | Q42: 100 | R42: =P42*Q42 -> 9000 | T42: ='Lot Pricing'!C89 -> 750000 | V42: =+'Lot Pricing'!A39 -> 36 | W42: =+'Lot Pricing'!B39 -> Pool Bungalows | X42: =+'Lot Pricing'!C39*$AC$70 -> 300000 | Z42: =Proforma!AK4 -> 32 | AA42: =Proforma!AK5 -> 47361 | AB42: =Proforma!AK9 -> 2 | AC42: =Proforma!AK10 -> 52 | AD42: =Proforma!AK17 -> 812409.82 | AF42: =AB42 -> 2 | AG42: 3 | AH42: 3 | AJ42: =+AD42*$AK$6 -> 48744.589 | AK42: =+AD42-AJ42 -> 763665.23
N43: TOTAL | O43: =SUM(O33:O42) -> 88 | T43: =SUMPRODUCT(O33:O42,T33:T42) -> 35450000 | V43: =+'Lot Pricing'!A40 -> 37 | W43: =+'Lot Pricing'!B40 -> Pool Bungalows | X43: =+'Lot Pricing'!C40*$AC$70 -> 300000 | Z43: =Proforma!AL4 -> 33 | AA43: =Proforma!AL5 -> 47391 | AB43: =Proforma!AL9 -> 2 | AC43: =Proforma!AL10 -> 54 | AD43: =Proforma!AL17 -> 812409.82 | AF43: =AB43 -> 2 | AG43: 2 | AH43: 2 | AJ43: =+AD43*$AK$6 -> 48744.589 | AK43: =+AD43-AJ43 -> 763665.23
V44: =+'Lot Pricing'!A41 -> 38 | W44: =+'Lot Pricing'!B41 -> Pool Bungalows | X44: =+'Lot Pricing'!C41*$AC$70 -> 300000 | Z44: =Proforma!AM4 -> 34 | AA44: =Proforma!AM5 -> 47422 | AB44: =Proforma!AM9 -> 2 | AC44: =Proforma!AM10 -> 56 | AD44: =Proforma!AM17 -> 812409.82 | AF44: =AB44 -> 2 | AG44: 3 | AH44: 3 | AJ44: =+AD44*$AK$6 -> 48744.589 | AK44: =+AD44-AJ44 -> 763665.23
V45: =+'Lot Pricing'!A42 -> 39 | W45: =+'Lot Pricing'!B42 -> Pool Bungalows | X45: =+'Lot Pricing'!C42*$AC$70 -> 300000 | Z45: =Proforma!AN4 -> 35 | AA45: =Proforma!AN5 -> 47452 | AB45: =Proforma!AN9 -> 2 | AC45: =Proforma!AN10 -> 58 | AD45: =Proforma!AN17 -> 812409.82 | AF45: =AB45 -> 2 | AG45: 2 | AH45: 2 | AJ45: =+AD45*$AK$6 -> 48744.589 | AK45: =+AD45-AJ45 -> 763665.23
Z46: =Proforma!AO4 -> 36 | AA46: =Proforma!AO5 -> 47483 | AB46: =Proforma!AO9 -> 2 | AC46: =Proforma!AO10 -> 60 | AD46: =Proforma!AO17 -> 812409.82 | AF46: =AB46 -> 2
V47: =+'Lot Pricing'!A43 -> 40 | W47: =+'Lot Pricing'!B43 -> Pool Bungalows | X47: =+'Lot Pricing'!C43*$AC$70 -> 300000 | Z47: =Proforma!AP4 -> 37 | AA47: =Proforma!AP5 -> 47514 | AB47: =Proforma!AP9 -> 2 | AC47: =Proforma!AP10 -> 62 | AD47: =Proforma!AP17 -> 815794.86 | AF47: =AB47 -> 2 | AG47: 3 | AH47: 3 | AJ47: =+AD47*$AK$6 -> 48947.692 | AK47: =+AD47-AJ47 -> 766847.17
Z48: =Proforma!AQ4 -> 38 | AA48: =Proforma!AQ5 -> 47542 | AB48: =Proforma!AQ9 -> 2 | AC48: =Proforma!AQ10 -> 64 | AD48: =Proforma!AQ17 -> 815794.86 | AF48: =AB48 -> 2
V49: =+'Lot Pricing'!A44 -> 41 | W49: =+'Lot Pricing'!B44 -> Pool Bungalows | X49: =+'Lot Pricing'!C44*$AC$70 -> 300000 | Z49: =Proforma!AR4 -> 39 | AA49: =Proforma!AR5 -> 47573 | AB49: =Proforma!AR9 -> 2 | AC49: =Proforma!AR10 -> 66 | AD49: =Proforma!AR17 -> 815794.86 | AF49: =AB49 -> 2 | AG49: 2 | AH49: 2 | AJ49: =+AD49*$AK$6 -> 48947.692 | AK49: =+AD49-AJ49 -> 766847.17
V50: =+'Lot Pricing'!A45 -> 42 | W50: =+'Lot Pricing'!B45 -> Pool Bungalows | X50: =+'Lot Pricing'!C45*$AC$70 -> 300000 | Z50: =Proforma!AS4 -> 40 | AA50: =Proforma!AS5 -> 47603 | AB50: =Proforma!AS9 -> 2 | AC50: =Proforma!AS10 -> 68 | AD50: =Proforma!AS17 -> 815794.86 | AF50: =AB50 -> 2 | AG50: 3 | AH50: 3 | AJ50: =+AD50*$AK$6 -> 48947.692 | AK50: =+AD50-AJ50 -> 766847.17
V51: =+'Lot Pricing'!A46 -> 43 | W51: =+'Lot Pricing'!B46 -> Pool Bungalows | X51: =+'Lot Pricing'!C46*$AC$70 -> 300000 | Z51: =Proforma!AT4 -> 41 | AA51: =Proforma!AT5 -> 47634 | AB51: =Proforma!AT9 -> 2 | AC51: =Proforma!AT10 -> 70 | AD51: =Proforma!AT17 -> 815794.86 | AF51: =AB51 -> 2 | AG51: 2 | AH51: 2 | AJ51: =+AD51*$AK$6 -> 48947.692 | AK51: =+AD51-AJ51 -> 766847.17
V52: =+'Lot Pricing'!A47 -> 44 | W52: =+'Lot Pricing'!B47 -> Pool Bungalows | X52: =+'Lot Pricing'!C47*$AC$70 -> 300000 | Z52: =Proforma!AU4 -> 42 | AA52: =Proforma!AU5 -> 47664 | AB52: =Proforma!AU9 -> 2 | AC52: =Proforma!AU10 -> 72 | AD52: =Proforma!AU17 -> 815794.86 | AF52: =AB52 -> 2 | AG52: 3 | AH52: 3 | AJ52: =+AD52*$AK$6 -> 48947.692 | AK52: =+AD52-AJ52 -> 766847.17
V53: =+'Lot Pricing'!A48 -> 45 | W53: =+'Lot Pricing'!B48 -> Lake Cottages | X53: =+'Lot Pricing'!C48*$AC$70 -> 450000 | Z53: =Proforma!AV4 -> 43 | AA53: =Proforma!AV5 -> 47695 | AB53: =Proforma!AV9 -> 2 | AC53: =Proforma!AV10 -> 74 | AD53: =Proforma!AV17 -> 815794.86 | AF53: =AB53 -> 2 | AG53: 2 | AH53: 2 | AJ53: =+AD53*$AK$6 -> 48947.692 | AK53: =+AD53-AJ53 -> 766847.17
V54: =+'Lot Pricing'!A49 -> 46 | W54: =+'Lot Pricing'!B49 -> Lake Cottages | X54: =+'Lot Pricing'!C49*$AC$70 -> 450000 | Z54: =Proforma!AW4 -> 44 | AA54: =Proforma!AW5 -> 47726 | AB54: =Proforma!AW9 -> 2 | AC54: =Proforma!AW10 -> 76 | AD54: =Proforma!AW17 -> 815794.86 | AF54: =AB54 -> 2 | AG54: 3 | AH54: 3 | AJ54: =+AD54*$AK$6 -> 48947.692 | AK54: =+AD54-AJ54 -> 766847.17
V55: =+'Lot Pricing'!A50 -> 47 | W55: =+'Lot Pricing'!B50 -> Lake Cottages | X55: =+'Lot Pricing'!C50*$AC$70 -> 450000 | Z55: =Proforma!AX4 -> 45 | AA55: =Proforma!AX5 -> 47756 | AB55: =Proforma!AX9 -> 2 | AC55: =Proforma!AX10 -> 78 | AD55: =Proforma!AX17 -> 815794.86 | AF55: =AB55 -> 2 | AG55: 0 | AH55: 0 | AJ55: =+AD55*$AK$6 -> 48947.692 | AK55: =+AD55-AJ55 -> 766847.17
V56: =+'Lot Pricing'!A51 -> 48 | W56: =+'Lot Pricing'!B51 -> Lake Cottages | X56: =+'Lot Pricing'!C51*$AC$70 -> 450000 | Z56: =Proforma!AY4 -> 46 | AA56: =Proforma!AY5 -> 47787 | AB56: =Proforma!AY9 -> 2 | AC56: =Proforma!AY10 -> 80 | AD56: =Proforma!AY17 -> 815794.86 | AF56: =AB56 -> 2 | AG56: 0 | AH56: 0 | AJ56: =+AD56*$AK$6 -> 48947.692 | AK56: =+AD56-AJ56 -> 766847.17
V57: =+'Lot Pricing'!A52 -> 49 | W57: =+'Lot Pricing'!B52 -> Lake Cottages | X57: =+'Lot Pricing'!C52*$AC$70 -> 450000 | Z57: =Proforma!AZ4 -> 47 | AA57: =Proforma!AZ5 -> 47817 | AB57: =Proforma!AZ9 -> 2 | AC57: =Proforma!AZ10 -> 82 | AD57: =Proforma!AZ17 -> 815794.86 | AF57: =AB57 -> 2 | AG57: 0 | AH57: 0 | AJ57: =+AD57*$AK$6 -> 48947.692 | AK57: =+AD57-AJ57 -> 766847.17
V58: =+'Lot Pricing'!A53 -> 50 | W58: =+'Lot Pricing'!B53 -> Lake Cottages | X58: =+'Lot Pricing'!C53*$AC$70 -> 450000 | Z58: =Proforma!BA4 -> 48 | AA58: =Proforma!BA5 -> 47848 | AB58: =Proforma!BA9 -> 2 | AC58: =Proforma!BA10 -> 84 | AD58: =Proforma!BA17 -> 815794.86 | AF58: =AB58 -> 2 | AG58: 0 | AH58: 0 | AJ58: =+AD58*$AK$6 -> 48947.692 | AK58: =+AD58-AJ58 -> 766847.17
V59: =+'Lot Pricing'!A54 -> 51 | W59: =+'Lot Pricing'!B54 -> Lake Cottages | X59: =+'Lot Pricing'!C54*$AC$70 -> 450000 | Z59: =Proforma!BB4 -> 49 | AA59: =Proforma!BB5 -> 47879 | AB59: =Proforma!BB9 -> 2 | AC59: =Proforma!BB10 -> 86 | AD59: =Proforma!BB17 -> 819194.01 | AF59: =AB59 -> 2 | AG59: 0 | AH59: 0 | AJ59: =+AD59*$AK$6 -> 49151.64 | AK59: =+AD59-AJ59 -> 770042.37
V60: =+'Lot Pricing'!A55 -> 52 | W60: =+'Lot Pricing'!B55 -> Lake Cottages | X60: =+'Lot Pricing'!C55*$AC$70 -> 450000 | Z60: =Proforma!BC4 -> 50 | AA60: =Proforma!BC5 -> 47907 | AB60: =Proforma!BC9 -> 2 | AC60: =Proforma!BC10 -> 88 | AD60: =Proforma!BC17 -> 819194.01 | AF60: =AB60 -> 2 | AG60: 0 | AH60: 0 | AJ60: =+AD60*$AK$6 -> 49151.64 | AK60: =+AD60-AJ60 -> 770042.37
V61: =+'Lot Pricing'!A56 -> 53 | W61: =+'Lot Pricing'!B56 -> Dune Homes | X61: =+'Lot Pricing'!C56*$AC$70 -> 400000 | Z61: Totals | AB61: =SUM(AB11:AB60) -> 88 | AC61: =AC60 -> 88 | AD61: =SUM(AD11:AD60) -> 35800221 | AF61: =SUM(AF11:AF60) -> 88 | AG61: =SUM(AG11:AG60) -> 60 | AH61: =SUM(AH11:AH60) -> 60 | AJ61: =SUM(AJ11:AJ60) -> 2050321 | AK61: =SUM(AK11:AK60) -> 32121695
V62: =+'Lot Pricing'!A57 -> 54 | W62: =+'Lot Pricing'!B57 -> Dune Homes | X62: =+'Lot Pricing'!C57*$AC$70 -> 400000
V63: =+'Lot Pricing'!A58 -> 55 | W63: =+'Lot Pricing'!B58 -> Dune Homes | X63: =+'Lot Pricing'!C58*$AC$70 -> 400000
V64: =+'Lot Pricing'!A59 -> 56 | W64: =+'Lot Pricing'!B59 -> Dune Homes | X64: =+'Lot Pricing'!C59*$AC$70 -> 400000 | Z64: Sensitivity Toggles
V65: =+'Lot Pricing'!A60 -> 57 | W65: =+'Lot Pricing'!B60 -> Dune Homes | X65: =+'Lot Pricing'!C60*$AC$70 -> 400000 | Z65: Total Lot Sales - Gross | AC65: =K25 -> 35800221
V66: =+'Lot Pricing'!A61 -> 58 | W66: =+'Lot Pricing'!B61 -> Dune Homes | X66: =+'Lot Pricing'!C61*$AC$70 -> 400000 | Z66: Average Sale Price Per Lot | AC66: =AC65/$G$9 -> 406820.69
V67: =+'Lot Pricing'!A62 -> 59 | W67: =+'Lot Pricing'!B62 -> Dune Homes | X67: =+'Lot Pricing'!C62*$AC$70 -> 400000
V68: =+'Lot Pricing'!A63 -> 60 | W68: =+'Lot Pricing'!B63 -> Dune Homes | X68: =+'Lot Pricing'!C63*$AC$70 -> 400000 | Z68: Lot Pricing Scenario Detail
Z69: Scenario Selected | AC69: 1
Z70: Percent of Lot Price | AC70: =INDEX($AC$73:$AC$75,MATCH(AC69,$Z$73:$Z$75,0)) -> 1
Z73: 1 | AC73: 1
Z74: =+Z73+1 -> 2 | AC74: 0.875
Z75: =+Z74+1 -> 3 | AC75: 0.75

Sheet Proforma
A1: Lake Kai
C2: Development Phase | E2: Entitlement | F2: Entitlement | G2: Entitlement | H2: Entitlement | I2: Entitlement | J2: Entitlement | K2: Entitlement | L2: Entitlement | M2: Entitlement | N2: Entitlement | O2: Entitlement | P2: Entitlement | Q2: Entitlement | R2: Construction | S2: Construction | T2: Construction | U2: Construction | V2: Construction | W2: Construction | X2: Construction | Y2: Construction | Z2: Construction | AA2: Construction | AB2: Construction | AC2: Construction | AD2: Sale | AE2: Sale | AF2: Sale | AG2: Sale | AH2: Sale | AI2: Sale | AJ2: Sale | AK2: Sale | AL2: Sale | AM2: Sale | AN2: Sale | AO2: Sale | AP2: Sale | AQ2: Sale | AR2: Sale | AS2: Sale | AT2: Sale | AU2: Sale | AV2: Sale | AW2: Sale | AX2: Sale | AY2: Sale | AZ2: Sale | BA2: Sale | BB2: Sale | BC2: Sale
C3: Year | E3: =ROUNDUP(E4/12,0) -> 0 | F3: =ROUNDUP(F4/12,0) -> 1 | G3: =ROUNDUP(G4/12,0) -> 1 | H3: =ROUNDUP(H4/12,0) -> 1 | I3: =ROUNDUP(I4/12,0) -> 1 | J3: =ROUNDUP(J4/12,0) -> 1 | K3: =ROUNDUP(K4/12,0) -> 1 | L3: =ROUNDUP(L4/12,0) -> 1 | ... BC3: =ROUNDUP(BC4/12,0) -> 5
C4: Month | E4: 0 | F4: 1 | G4: 2 | H4: 3 | I4: 4 | J4: 5 | K4: 6 | L4: 7 | M4: 8 | N4: 9 | O4: 10 | P4: 11 | Q4: 12 | R4: =+Q4+1 -> 13 | S4: =+R4+1 -> 14 | T4: =+S4+1 -> 15 | U4: =+T4+1 -> 16 | V4: =+U4+1 -> 17 | W4: =+V4+1 -> 18 | X4: =+W4+1 -> 19 | Y4: =+X4+1 -> 20 | ... BC4: =+BB4+1 -> 50 | BD4: Totals | BF4: Years | BG4: 0 | BH4: 1 | BI4: 2 | BJ4: 3 | BK4: 4 | BL4: 5 | BM4: Totals
C5: Date | E5: =SUMMARY!G6 -> 46388 | F5: =EOMONTH(E5,0) -> 46418 | G5: =EOMONTH(F5,1) -> 46446 | H5: =EOMONTH(G5,1) -> 46477 | I5: =EOMONTH(H5,1) -> 46507 | J5: =EOMONTH(I5,1) -> 46538 | K5: =EOMONTH(J5,1) -> 46568 | L5: =EOMONTH(K5,1) -> 46599 | M5: =EOMONTH(L5,1) -> 46630 | N5: =EOMONTH(M5,1) -> 46660 | ... BC5: =EOMONTH(BB5,1) -> 47907
A7: Lot Sales (Presales/Contract Execution) | E7: 0 | F7: 0 | G7: 0 | H7: 0 | I7: 0 | J7: =IF(SUMMARY!$G$9>Proforma!I8,SUMMARY!$G$10,0) -> 2 | K7: =IF(SUMMARY!$G$9>Proforma!J8,SUMMARY!$G$10,0) -> 2 | L7: =IF(SUMMARY!$G$9>Proforma!K8,SUMMARY!$G$10,0) -> 2 | M7: =IF(SUMMARY!$G$9>Proforma!L8,SUMMARY!$G$10,0) -> 2 | N7: =IF(SUMMARY!$G$9>Proforma!M8,SUMMARY!$G$10,0) -> 2 | O7: =IF(SUMMARY!$G$9>Proforma!N8,SUMMARY!$G$10,0) -> 2 | P7: =IF(SUMMARY!$G$9>Proforma!O8,SUMMARY!$G$10,0) -> 2 | Q7: =IF(SUMMARY!$G$9>Proforma!P8,SUMMARY!$G$10,0) -> 2 | ... BC7: =IF(SUMMARY!$G$9>Proforma!BB8,SUMMARY!$G$10,0) -> 0 | BD7: =SUM(F7:BC7) -> 88 | BG7: 0 | BH7: =SUM(F7:Q7) -> 16 | BI7: =SUM(R7:AC7) -> 24 | BJ7: =SUM(AD7:AO7) -> 24 | BK7: =SUM(AP7:BA7) -> 24 | BL7: =SUM(BB7:BC7) -> 0 | BM7: =SUM(BH7:BL7) -> 88
A8: Cummulative Lot Sales (Contract) | E8: =E7+D8 -> 0 | F8: =F7+E8 -> 0 | G8: =G7+F8 -> 0 | H8: =H7+G8 -> 0 | I8: =I7+H8 -> 0 | J8: =J7+I8 -> 2 | K8: =K7+J8 -> 4 | L8: =L7+K8 -> 6 | ... BC8: =BC7+BB8 -> 88 | BG8: 0 | BH8: =+Q8 -> 16 | BI8: =+AC8 -> 40 | BJ8: =+AO8 -> 64 | BK8: =BA8 -> 88 | BL8: =BC8 -> 88
A9: Lot Closings (Delivery) | E9: 0 | F9: 0 | G9: 0 | H9: 0 | I9: 0 | J9: 0 | K9: 0 | L9: 0 | M9: 0 | N9: 0 | O9: 0 | P9: 0 | Q9: 0 | R9: 0 | S9: 0 | T9: 0 | U9: 0 | V9: 0 | W9: 0 | X9: 0 | Y9: 0 | Z9: 0 | AA9: 0 | AB9: 0 | AC9: 0 | AD9: =AB8 -> 38 | AE9: =AC7 -> 2 | AF9: =AD7 -> 2 | AG9: =AE7 -> 2 | AH9: =AF7 -> 2 | AI9: =AG7 -> 2 | AJ9: =AH7 -> 2 | AK9: =AI7 -> 2 | AL9: =AJ7 -> 2 | ... BC9: =BA7 -> 2 | BD9: =SUM(F9:BC9) -> 88 | BG9: 0 | BH9: =SUM(F9:Q9) -> 0 | BI9: =SUM(R9:AC9) -> 0 | BJ9: =SUM(AD9:AO9) -> 60 | BK9: =SUM(AP9:BA9) -> 24 | BL9: =SUM(BB9:BC9) -> 4 | BM9: =SUM(BH9:BL9) -> 88
A10: Cumulative Lot Closings | E10: =+BD10 -> 0 | F10: =+F9 -> 0 | G10: =G9+F10 -> 0 | H10: =H9+G10 -> 0 | I10: =I9+H10 -> 0 | J10: =J9+I10 -> 0 | K10: =K9+J10 -> 0 | L10: =L9+K10 -> 0 | M10: =M9+L10 -> 0 | N10: =N9+M10 -> 0 | ... BC10: =BC9+BB10 -> 88 | BG10: 0 | BH10: =+Q10 -> 0 | BI10: =+AC10 -> 0 | BJ10: =+AO10 -> 60 | BK10: =BA10 -> 84 | BL10: =BC10 -> 88
A11: Average Lot Sales Price | F11: =+'Lot Pricing'!C93 -> 402840.91 | G11: =+F11*(1+(G12/12)) -> 402840.91 | H11: =+G11*(1+(H12/12)) -> 402840.91 | I11: =+H11*(1+(I12/12)) -> 402840.91 | J11: =+I11*(1+(J12/12)) -> 402840.91 | K11: =+J11*(1+(K12/12)) -> 402840.91 | L11: =+K11*(1+(L12/12)) -> 402840.91 | M11: =+L11*(1+(M12/12)) -> 402840.91 | N11: =+M11*(1+(N12/12)) -> 402840.91 | ... AX11: =+AW11*(1+(AX12/12)) -> 407897.43 | AY11: =+AU11*(1+(AY12/12)) -> 407897.43 | AZ11: =+AY11*(1+(AZ12/12)) -> 407897.43 | BA11: =+AZ11*(1+(BA12/12)) -> 407897.43 | BB11: =+AX11*(1+(BB12/12)) -> 409597 | BC11: =+BB11*(1+(BC12/12)) -> 409597
A12: Sales Price Inflator | F12: 0 | G12: 0 | H12: 0 | I12: 0 | J12: 0 | K12: 0 | L12: 0 | M12: 0 | N12: 0 | O12: 0 | P12: 0 | Q12: 0 | R12: 0.05 | S12: 0 | T12: 0 | U12: 0 | V12: 0 | W12: 0 | X12: 0 | Y12: 0 | Z12: 0 | AA12: 0 | AB12: 0 | AC12: 0 | AD12: 0.05 | AE12: 0 | AF12: 0 | AG12: 0 | AH12: 0 | AI12: 0 | AJ12: 0 | AK12: 0 | AL12: 0 | AM12: 0 | AN12: 0 | AO12: 0 | AP12: 0.05 | AQ12: 0 | AR12: 0 | AS12: 0 | AT12: 0 | AU12: 0 | AV12: 0 | AW12: 0 | AX12: 0 | AY12: 0 | AZ12: 0 | BA12: 0 | BB12: 0.05 | BC12: 0
A14: End Period of Project | C14: 50
A16: Lot Sale Revenue
A17: Gross Lot Sales Proceeds | E17: =+C9*E11 -> 0 | F17: =+F9*F11 -> 0 | G17: =+G9*G11 -> 0 | H17: =+H9*H11 -> 0 | I17: =+I9*I11 -> 0 | J17: =+J9*J11 -> 0 | K17: =+K9*K11 -> 0 | L17: =+L9*L11 -> 0 | M17: =+M9*M11 -> 0 | ... BC17: =+BC9*BC11 -> 819194.01 | BD17: =SUM(F17:BC17) -> 35800221 | BG17: =E17 -> 0 | BH17: =SUM(F17:Q17) -> 0 | BI17: =SUM(R17:AC17) -> 0 | BJ17: =SUM(AD17:AO17) -> 24372295 | BK17: =SUM(AP17:BA17) -> 9789538.3 | BL17: =SUM(BB17:BC17) -> 1638388 | BM17: =SUM(BH17:BL17) -> 35800221
A18: 0.06 | E18: =+(E17)*-$A$18 -> 0 | F18: =+(F17)*-$A$18 -> 0 | G18: =+(G17)*-$A$18 -> 0 | H18: =+(H17)*-$A$18 -> 0 | I18: =+(I17)*-$A$18 -> 0 | J18: =+(J17)*-$A$18 -> 0 | K18: =+(K17)*-$A$18 -> 0 | L18: =+(L17)*-$A$18 -> 0 | ... BC18: =+(BC17)*-$A$18 -> -49151.64 | BD18: =SUM(F18:BC18) -> -2148013.3 | BG18: =E18 -> 0 | BH18: =SUM(F18:Q18) -> 0 | BI18: =SUM(R18:AC18) -> 0 | BJ18: =SUM(AD18:AO18) -> -1462337.7 | BK18: =SUM(AP18:BA18) -> -587372.3 | BL18: =SUM(BB18:BC18) -> -98303.281 | BM18: =SUM(BH18:BL18) -> -2148013.3
A19: Net Sales Proceeds | E19: =SUM(E17:E18) -> 0 | F19: =SUM(F17:F18) -> 0 | G19: =SUM(G17:G18) -> 0 | H19: =SUM(H17:H18) -> 0 | I19: =SUM(I17:I18) -> 0 | J19: =SUM(J17:J18) -> 0 | K19: =SUM(K17:K18) -> 0 | L19: =SUM(L17:L18) -> 0 | ... BC19: =SUM(BC17:BC18) -> 770042.37 | BD19: =BD17+BD18 -> 33652208 | BG19: =+BG17+BG18 -> 0 | BH19: =+BH17+BH18 -> 0 | BI19: =+BI17+BI18 -> 0 | BJ19: =+BJ17+BJ18 -> 22909957 | BK19: =+BK17+BK18 -> 9202166 | BL19: =+BL17+BL18 -> 1540084.7 | BM19: =+BM17+BM18 -> 33652208
A21: Project Cost Detail
A22: Site Acquisition (Month 1 and 13) | E22: 0 | F22: 0 | G22: 0 | H22: 0 | I22: 0 | J22: 0 | K22: 0 | L22: 0 | M22: 0 | N22: 0 | O22: 0 | P22: 0 | Q22: 0 | R22: 0 | S22: 0 | T22: 0 | U22: 0 | V22: 0 | W22: 0 | X22: 0 | Y22: 0 | Z22: 0 | AA22: 0 | AB22: 0 | AC22: 0 | AD22: 0 | AE22: 0 | AF22: 0 | AG22: 0 | AH22: 0 | AI22: 0 | AJ22: 0 | AK22: 0 | AL22: 0 | AM22: 0 | AN22: 0 | AO22: 0 | AP22: 0 | AQ22: 0 | AR22: 0 | AS22: 0 | AT22: 0 | AU22: 0 | AV22: 0 | AW22: 0 | AX22: 0 | AY22: 0 | AZ22: 0 | BA22: 0 | BB22: 0 | BC22: 0 | BD22: =SUM(E22:BC22) -> 0
A23: 0.04 | E23: =$A$23*E22 -> 0 | F23: =$A$23*F22 -> 0 | G23: =$A$23*G22 -> 0 | H23: =$A$23*H22 -> 0 | I23: =$A$23*I22 -> 0 | J23: =$A$23*J22 -> 0 | K23: =$A$23*K22 -> 0 | L23: =$A$23*L22 -> 0 | ... BC23: =$A$23*BC22 -> 0 | BD23: =SUM(E23:BC23) -> 0
A24: 0.03 | E24: =E22*$A$24 -> 0 | F24: =F22*$A$24 -> 0 | G24: =G22*$A$24 -> 0 | H24: =H22*$A$24 -> 0 | I24: =I22*$A$24 -> 0 | J24: =J22*$A$24 -> 0 | K24: =K22*$A$24 -> 0 | L24: =L22*$A$24 -> 0 | ... BC24: =BC22*$A$24 -> 0 | BD24: =SUM(E24:BC24) -> 0
A25: Developer Fee ($600k over life of project -- 4% of TDC) | E25: 0 | F25: =600000/36 -> 16666.667 | G25: =600000/36 -> 16666.667 | H25: =600000/36 -> 16666.667 | I25: =600000/36 -> 16666.667 | J25: =600000/36 -> 16666.667 | K25: =600000/36 -> 16666.667 | L25: =600000/36 -> 16666.667 | M25: =600000/36 -> 16666.667 | ... AO25: =600000/36 -> 16666.667 | AP25: 0 | AQ25: 0 | AR25: 0 | AS25: 0 | AT25: 0 | AU25: 0 | AV25: 0 | AW25: 0 | AX25: 0 | AY25: 0 | AZ25: 0 | BA25: 0 | BB25: 0 | BC25: 0 | BD25: =SUM(E25:BC25) -> 600000 | BG25: =E25 -> 0 | BH25: =SUM(F25:Q25) -> 200000 | BI25: =SUM(R25:AC25) -> 200000 | BJ25: =SUM(AD25:AO25) -> 200000 | BK25: =SUM(AP25:BA25) -> 0 | BL25: =SUM(BB25:BC25) -> 0 | BM25: =SUM(BG25:BL25) -> 600000
A26: Entitlement
A27: Residential Market Study | E27: 0 | F27: ='Entitlement Gantt Chart'!F43 -> 10000 | G27: ='Entitlement Gantt Chart'!G43 -> 0 | H27: ='Entitlement Gantt Chart'!H43 -> 0 | I27: ='Entitlement Gantt Chart'!I43 -> 0 | J27: ='Entitlement Gantt Chart'!J43 -> 0 | K27: ='Entitlement Gantt Chart'!K43 -> 0 | L27: ='Entitlement Gantt Chart'!L43 -> 0 | M27: ='Entitlement Gantt Chart'!M43 -> 0 | ... Q27: ='Entitlement Gantt Chart'!Q43 -> 0 | R27: 0 | S27: 0 | T27: 0 | U27: 0 | V27: 0 | W27: 0 | X27: 0 | Y27: 0 | Z27: 0 | AA27: 0 | AB27: 0 | AC27: 0 | AD27: 0 | AE27: 0 | AF27: 0 | AG27: 0 | AH27: 0 | AI27: 0 | AJ27: 0 | AK27: 0 | AL27: 0 | AM27: 0 | AN27: 0 | AO27: 0 | AP27: 0 | AQ27: 0 | AR27: 0 | AS27: 0 | AT27: 0 | AU27: 0 | AV27: 0 | AW27: 0 | AX27: 0 | AY27: 0 | AZ27: 0 | BA27: 0 | BB27: 0 | BC27: 0 | BD27: =SUM(E27:BC27) -> 10000 | BG27: =E27 -> 0 | BH27: =SUM(F27:Q27) -> 10000 | BI27: =SUM(R27:AC27) -> 0 | BJ27: =SUM(AD27:AO27) -> 0 | BK27: =SUM(AP27:BA27) -> 0 | BL27: =SUM(BB27:BC27) -> 0 | BM27: =SUM(BG27:BL27) -> 10000
A28: Boundary & Topographic Survey | E28: 0 | F28: ='Entitlement Gantt Chart'!F44 -> 35000 | G28: ='Entitlement Gantt Chart'!G44 -> 0 | H28: ='Entitlement Gantt Chart'!H44 -> 0 | I28: ='Entitlement Gantt Chart'!I44 -> 0 | J28: ='Entitlement Gantt Chart'!J44 -> 0 | K28: ='Entitlement Gantt Chart'!K44 -> 0 | L28: ='Entitlement Gantt Chart'!L44 -> 0 | M28: ='Entitlement Gantt Chart'!M44 -> 0 | ... Q28: ='Entitlement Gantt Chart'!Q44 -> 0 | R28: 0 | S28: 0 | T28: 0 | U28: 0 | V28: 0 | W28: 0 | X28: 0 | Y28: 0 | Z28: 0 | AA28: 0 | AB28: 0 | AC28: 0 | AD28: 0 | AE28: 0 | AF28: 0 | AG28: 0 | AH28: 0 | AI28: 0 | AJ28: 0 | AK28: 0 | AL28: 0 | AM28: 0 | AN28: 0 | AO28: 0 | AP28: 0 | AQ28: 0 | AR28: 0 | AS28: 0 | AT28: 0 | AU28: 0 | AV28: 0 | AW28: 0 | AX28: 0 | AY28: 0 | AZ28: 0 | BA28: 0 | BB28: 0 | BC28: 0 | BD28: =SUM(E28:BC28) -> 35000 | BG28: =E28 -> 0 | BH28: =SUM(F28:Q28) -> 35000 | BI28: =SUM(R28:AC28) -> 0 | BJ28: =SUM(AD28:AO28) -> 0 | BK28: =SUM(AP28:BA28) -> 0 | BL28: =SUM(BB28:BC28) -> 0 | BM28: =SUM(BG28:BL28) -> 35000
A29: Conceptual Civil Engineering | E29: 0 | F29: ='Entitlement Gantt Chart'!F45 -> 80000 | G29: ='Entitlement Gantt Chart'!G45 -> 0 | H29: ='Entitlement Gantt Chart'!H45 -> 0 | I29: ='Entitlement Gantt Chart'!I45 -> 0 | J29: ='Entitlement Gantt Chart'!J45 -> 0 | K29: ='Entitlement Gantt Chart'!K45 -> 0 | L29: ='Entitlement Gantt Chart'!L45 -> 0 | M29: ='Entitlement Gantt Chart'!M45 -> 0 | ... Q29: ='Entitlement Gantt Chart'!Q45 -> 0 | R29: 0 | S29: 0 | T29: 0 | U29: 0 | V29: 0 | W29: 0 | X29: 0 | Y29: 0 | Z29: 0 | AA29: 0 | AB29: 0 | AC29: 0 | AD29: 0 | AE29: 0 | AF29: 0 | AG29: 0 | AH29: 0 | AI29: 0 | AJ29: 0 | AK29: 0 | AL29: 0 | AM29: 0 | AN29: 0 | AO29: 0 | AP29: 0 | AQ29: 0 | AR29: 0 | AS29: 0 | AT29: 0 | AU29: 0 | AV29: 0 | AW29: 0 | AX29: 0 | AY29: 0 | AZ29: 0 | BA29: 0 | BB29: 0 | BC29: 0 | BD29: =SUM(E29:BC29) -> 80000 | BG29: =E29 -> 0 | BH29: =SUM(F29:Q29) -> 80000 | BI29: =SUM(R29:AC29) -> 0 | BJ29: =SUM(AD29:AO29) -> 0 | BK29: =SUM(AP29:BA29) -> 0 | BL29: =SUM(BB29:BC29) -> 0 | BM29: =SUM(BG29:BL29) -> 80000
A30: Planning / Zoning Consultant | E30: 0 | F30: ='Entitlement Gantt Chart'!F46 -> 100000 | G30: ='Entitlement Gantt Chart'!G46 -> 0 | H30: ='Entitlement Gantt Chart'!H46 -> 0 | I30: ='Entitlement Gantt Chart'!I46 -> 0 | J30: ='Entitlement Gantt Chart'!J46 -> 0 | K30: ='Entitlement Gantt Chart'!K46 -> 0 | L30: ='Entitlement Gantt Chart'!L46 -> 0 | M30: ='Entitlement Gantt Chart'!M46 -> 0 | ... Q30: ='Entitlement Gantt Chart'!Q46 -> 0 | R30: 0 | S30: 0 | T30: 0 | U30: 0 | V30: 0 | W30: 0 | X30: 0 | Y30: 0 | Z30: 0 | AA30: 0 | AB30: 0 | AC30: 0 | AD30: 0 | AE30: 0 | AF30: 0 | AG30: 0 | AH30: 0 | AI30: 0 | AJ30: 0 | AK30: 0 | AL30: 0 | AM30: 0 | AN30: 0 | AO30: 0 | AP30: 0 | AQ30: 0 | AR30: 0 | AS30: 0 | AT30: 0 | AU30: 0 | AV30: 0 | AW30: 0 | AX30: 0 | AY30: 0 | AZ30: 0 | BA30: 0 | BB30: 0 | BC30: 0 | BD30: =SUM(E30:BC30) -> 100000 | BG30: =E30 -> 0 | BH30: =SUM(F30:Q30) -> 100000 | BI30: =SUM(R30:AC30) -> 0 | BJ30: =SUM(AD30:AO30) -> 0 | BK30: =SUM(AP30:BA30) -> 0 | BL30: =SUM(BB30:BC30) -> 0 | BM30: =SUM(BG30:BL30) -> 100000
A31: Environmental Phase I | E31: 0 | F31: ='Entitlement Gantt Chart'!F47 -> 5000 | G31: ='Entitlement Gantt Chart'!G47 -> 0 | H31: ='Entitlement Gantt Chart'!H47 -> 0 | I31: ='Entitlement Gantt Chart'!I47 -> 0 | J31: ='Entitlement Gantt Chart'!J47 -> 0 | K31: ='Entitlement Gantt Chart'!K47 -> 0 | L31: ='Entitlement Gantt Chart'!L47 -> 0 | M31: ='Entitlement Gantt Chart'!M47 -> 0 | ... Q31: ='Entitlement Gantt Chart'!Q47 -> 0 | R31: 0 | S31: 0 | T31: 0 | U31: 0 | V31: 0 | W31: 0 | X31: 0 | Y31: 0 | Z31: 0 | AA31: 0 | AB31: 0 | AC31: 0 | AD31: 0 | AE31: 0 | AF31: 0 | AG31: 0 | AH31: 0 | AI31: 0 | AJ31: 0 | AK31: 0 | AL31: 0 | AM31: 0 | AN31: 0 | AO31: 0 | AP31: 0 | AQ31: 0 | AR31: 0 | AS31: 0 | AT31: 0 | AU31: 0 | AV31: 0 | AW31: 0 | AX31: 0 | AY31: 0 | AZ31: 0 | BA31: 0 | BB31: 0 | BC31: 0 | BD31: =SUM(E31:BC31) -> 5000 | BG31: =E31 -> 0 | BH31: =SUM(F31:Q31) -> 5000 | BI31: =SUM(R31:AC31) -> 0 | BJ31: =SUM(AD31:AO31) -> 0 | BK31: =SUM(AP31:BA31) -> 0 | BL31: =SUM(BB31:BC31) -> 0 | BM31: =SUM(BG31:BL31) -> 5000
A32: Wetlands Delineation | E32: 0 | F32: ='Entitlement Gantt Chart'!F48 -> 60000 | G32: ='Entitlement Gantt Chart'!G48 -> 0 | H32: ='Entitlement Gantt Chart'!H48 -> 0 | I32: ='Entitlement Gantt Chart'!I48 -> 0 | J32: ='Entitlement Gantt Chart'!J48 -> 0 | K32: ='Entitlement Gantt Chart'!K48 -> 0 | L32: ='Entitlement Gantt Chart'!L48 -> 0 | M32: ='Entitlement Gantt Chart'!M48 -> 0 | ... Q32: ='Entitlement Gantt Chart'!Q48 -> 0 | R32: 0 | S32: 0 | T32: 0 | U32: 0 | V32: 0 | W32: 0 | X32: 0 | Y32: 0 | Z32: 0 | AA32: 0 | AB32: 0 | AC32: 0 | AD32: 0 | AE32: 0 | AF32: 0 | AG32: 0 | AH32: 0 | AI32: 0 | AJ32: 0 | AK32: 0 | AL32: 0 | AM32: 0 | AN32: 0 | AO32: 0 | AP32: 0 | AQ32: 0 | AR32: 0 | AS32: 0 | AT32: 0 | AU32: 0 | AV32: 0 | AW32: 0 | AX32: 0 | AY32: 0 | AZ32: 0 | BA32: 0 | BB32: 0 | BC32: 0 | BD32: =SUM(E32:BC32) -> 60000 | BG32: =E32 -> 0 | BH32: =SUM(F32:Q32) -> 60000 | BI32: =SUM(R32:AC32) -> 0 | BJ32: =SUM(AD32:AO32) -> 0 | BK32: =SUM(AP32:BA32) -> 0 | BL32: =SUM(BB32:BC32) -> 0 | BM32: =SUM(BG32:BL32) -> 60000
A33: Traffic Memo (Concept Level) | E33: 0 | F33: ='Entitlement Gantt Chart'!F49 -> 15000 | G33: ='Entitlement Gantt Chart'!G49 -> 0 | H33: ='Entitlement Gantt Chart'!H49 -> 0 | I33: ='Entitlement Gantt Chart'!I49 -> 0 | J33: ='Entitlement Gantt Chart'!J49 -> 0 | K33: ='Entitlement Gantt Chart'!K49 -> 0 | L33: ='Entitlement Gantt Chart'!L49 -> 0 | M33: ='Entitlement Gantt Chart'!M49 -> 0 | ... Q33: ='Entitlement Gantt Chart'!Q49 -> 0 | R33: 0 | S33: 0 | T33: 0 | U33: 0 | V33: 0 | W33: 0 | X33: 0 | Y33: 0 | Z33: 0 | AA33: 0 | AB33: 0 | AC33: 0 | AD33: 0 | AE33: 0 | AF33: 0 | AG33: 0 | AH33: 0 | AI33: 0 | AJ33: 0 | AK33: 0 | AL33: 0 | AM33: 0 | AN33: 0 | AO33: 0 | AP33: 0 | AQ33: 0 | AR33: 0 | AS33: 0 | AT33: 0 | AU33: 0 | AV33: 0 | AW33: 0 | AX33: 0 | AY33: 0 | AZ33: 0 | BA33: 0 | BB33: 0 | BC33: 0 | BD33: =SUM(E33:BC33) -> 15000 | BG33: =E33 -> 0 | BH33: =SUM(F33:Q33) -> 15000 | BI33: =SUM(R33:AC33) -> 0 | BJ33: =SUM(AD33:AO33) -> 0 | BK33: =SUM(AP33:BA33) -> 0 | BL33: =SUM(BB33:BC33) -> 0 | BM33: =SUM(BG33:BL33) -> 15000
A34: Legal (Entitlement Strategy, Filings, etc.) | E34: 0 | F34: ='Entitlement Gantt Chart'!F50 -> 20000 | G34: ='Entitlement Gantt Chart'!G50 -> 0 | H34: ='Entitlement Gantt Chart'!H50 -> 0 | I34: ='Entitlement Gantt Chart'!I50 -> 0 | J34: ='Entitlement Gantt Chart'!J50 -> 0 | K34: ='Entitlement Gantt Chart'!K50 -> 0 | L34: ='Entitlement Gantt Chart'!L50 -> 0 | M34: ='Entitlement Gantt Chart'!M50 -> 0 | ... Q34: ='Entitlement Gantt Chart'!Q50 -> 0 | R34: 0 | S34: 0 | T34: 0 | U34: 0 | V34: 0 | W34: 0 | X34: 0 | Y34: 0 | Z34: 0 | AA34: 0 | AB34: 0 | AC34: 0 | AD34: 0 | AE34: 0 | AF34: 0 | AG34: 0 | AH34: 0 | AI34: 0 | AJ34: 0 | AK34: 0 | AL34: 0 | AM34: 0 | AN34: 0 | AO34: 0 | AP34: 0 | AQ34: 0 | AR34: 0 | AS34: 0 | AT34: 0 | AU34: 0 | AV34: 0 | AW34: 0 | AX34: 0 | AY34: 0 | AZ34: 0 | BA34: 0 | BB34: 0 | BC34: 0 | BD34: =SUM(E34:BC34) -> 20000 | BG34: =E34 -> 0 | BH34: =SUM(F34:Q34) -> 20000 | BI34: =SUM(R34:AC34) -> 0 | BJ34: =SUM(AD34:AO34) -> 0 | BK34: =SUM(AP34:BA34) -> 0 | BL34: =SUM(BB34:BC34) -> 0 | BM34: =SUM(BG34:BL34) -> 20000
A35: Detailed Civil Engineering (Primary Plan, Lake Design, Utilities) | E35: 0 | F35: ='Entitlement Gantt Chart'!F51 -> 0 | G35: ='Entitlement Gantt Chart'!G51 -> 0 | H35: ='Entitlement Gantt Chart'!H51 -> 0 | I35: ='Entitlement Gantt Chart'!I51 -> 140000 | J35: ='Entitlement Gantt Chart'!J51 -> 0 | K35: ='Entitlement Gantt Chart'!K51 -> 0 | L35: ='Entitlement Gantt Chart'!L51 -> 0 | M35: ='Entitlement Gantt Chart'!M51 -> 0 | ... Q35: ='Entitlement Gantt Chart'!Q51 -> 0 | R35: 0 | S35: 0 | T35: 0 | U35: 0 | V35: 0 | W35: 0 | X35: 0 | Y35: 0 | Z35: 0 | AA35: 0 | AB35: 0 | AC35: 0 | AD35: 0 | AE35: 0 | AF35: 0 | AG35: 0 | AH35: 0 | AI35: 0 | AJ35: 0 | AK35: 0 | AL35: 0 | AM35: 0 | AN35: 0 | AO35: 0 | AP35: 0 | AQ35: 0 | AR35: 0 | AS35: 0 | AT35: 0 | AU35: 0 | AV35: 0 | AW35: 0 | AX35: 0 | AY35: 0 | AZ35: 0 | BA35: 0 | BB35: 0 | BC35: 0 | BD35: =SUM(E35:BC35) -> 140000 | BG35: =E35 -> 0 | BH35: =SUM(F35:Q35) -> 140000 | BI35: =SUM(R35:AC35) -> 0 | BJ35: =SUM(AD35:AO35) -> 0 | BK35: =SUM(AP35:BA35) -> 0 | BL35: =SUM(BB35:BC35) -> 0 | BM35: =SUM(BG35:BL35) -> 140000
A36: Stormwater / Hydrology Model | E36: 0 | F36: ='Entitlement Gantt Chart'!F52 -> 0 | G36: ='Entitlement Gantt Chart'!G52 -> 0 | H36: ='Entitlement Gantt Chart'!H52 -> 0 | I36: ='Entitlement Gantt Chart'!I52 -> 75000 | J36: ='Entitlement Gantt Chart'!J52 -> 0 | K36: ='Entitlement Gantt Chart'!K52 -> 0 | L36: ='Entitlement Gantt Chart'!L52 -> 0 | M36: ='Entitlement Gantt Chart'!M52 -> 0 | ... Q36: ='Entitlement Gantt Chart'!Q52 -> 0 | R36: 0 | S36: 0 | T36: 0 | U36: 0 | V36: 0 | W36: 0 | X36: 0 | Y36: 0 | Z36: 0 | AA36: 0 | AB36: 0 | AC36: 0 | AD36: 0 | AE36: 0 | AF36: 0 | AG36: 0 | AH36: 0 | AI36: 0 | AJ36: 0 | AK36: 0 | AL36: 0 | AM36: 0 | AN36: 0 | AO36: 0 | AP36: 0 | AQ36: 0 | AR36: 0 | AS36: 0 | AT36: 0 | AU36: 0 | AV36: 0 | AW36: 0 | AX36: 0 | AY36: 0 | AZ36: 0 | BA36: 0 | BB36: 0 | BC36: 0 | BD36: =SUM(E36:BC36) -> 75000 | BG36: =E36 -> 0 | BH36: =SUM(F36:Q36) -> 75000 | BI36: =SUM(R36:AC36) -> 0 | BJ36: =SUM(AD36:AO36) -> 0 | BK36: =SUM(AP36:BA36) -> 0 | BL36: =SUM(BB36:BC36) -> 0 | BM36: =SUM(BG36:BL36) -> 75000
A37: Landscape Architecture (Buffers, Lake Edgees, Open Space) | E37: 0 | F37: ='Entitlement Gantt Chart'!F53 -> 0 | G37: ='Entitlement Gantt Chart'!G53 -> 0 | H37: ='Entitlement Gantt Chart'!H53 -> 0 | I37: ='Entitlement Gantt Chart'!I53 -> 120000 | J37: ='Entitlement Gantt Chart'!J53 -> 0 | K37: ='Entitlement Gantt Chart'!K53 -> 0 | L37: ='Entitlement Gantt Chart'!L53 -> 0 | M37: ='Entitlement Gantt Chart'!M53 -> 0 | ... Q37: ='Entitlement Gantt Chart'!Q53 -> 0 | R37: 0 | S37: 0 | T37: 0 | U37: 0 | V37: 0 | W37: 0 | X37: 0 | Y37: 0 | Z37: 0 | AA37: 0 | AB37: 0 | AC37: 0 | AD37: 0 | AE37: 0 | AF37: 0 | AG37: 0 | AH37: 0 | AI37: 0 | AJ37: 0 | AK37: 0 | AL37: 0 | AM37: 0 | AN37: 0 | AO37: 0 | AP37: 0 | AQ37: 0 | AR37: 0 | AS37: 0 | AT37: 0 | AU37: 0 | AV37: 0 | AW37: 0 | AX37: 0 | AY37: 0 | AZ37: 0 | BA37: 0 | BB37: 0 | BC37: 0 | BD37: =SUM(E37:BC37) -> 120000 | BG37: =E37 -> 0 | BH37: =SUM(F37:Q37) -> 120000 | BI37: =SUM(R37:AC37) -> 0 | BJ37: =SUM(AD37:AO37) -> 0 | BK37: =SUM(AP37:BA37) -> 0 | BL37: =SUM(BB37:BC37) -> 0 | BM37: =SUM(BG37:BL37) -> 120000
A38: Geotechnical Borings & Reports | E38: 0 | F38: ='Entitlement Gantt Chart'!F54 -> 0 | G38: ='Entitlement Gantt Chart'!G54 -> 0 | H38: ='Entitlement Gantt Chart'!H54 -> 0 | I38: ='Entitlement Gantt Chart'!I54 -> 20000 | J38: ='Entitlement Gantt Chart'!J54 -> 0 | K38: ='Entitlement Gantt Chart'!K54 -> 0 | L38: ='Entitlement Gantt Chart'!L54 -> 0 | M38: ='Entitlement Gantt Chart'!M54 -> 0 | ... Q38: ='Entitlement Gantt Chart'!Q54 -> 0 | R38: 0 | S38: 0 | T38: 0 | U38: 0 | V38: 0 | W38: 0 | X38: 0 | Y38: 0 | Z38: 0 | AA38: 0 | AB38: 0 | AC38: 0 | AD38: 0 | AE38: 0 | AF38: 0 | AG38: 0 | AH38: 0 | AI38: 0 | AJ38: 0 | AK38: 0 | AL38: 0 | AM38: 0 | AN38: 0 | AO38: 0 | AP38: 0 | AQ38: 0 | AR38: 0 | AS38: 0 | AT38: 0 | AU38: 0 | AV38: 0 | AW38: 0 | AX38: 0 | AY38: 0 | AZ38: 0 | BA38: 0 | BB38: 0 | BC38: 0 | BD38: =SUM(E38:BC38) -> 20000 | BG38: =E38 -> 0 | BH38: =SUM(F38:Q38) -> 20000 | BI38: =SUM(R38:AC38) -> 0 | BJ38: =SUM(AD38:AO38) -> 0 | BK38: =SUM(AP38:BA38) -> 0 | BL38: =SUM(BB38:BC38) -> 0 | BM38: =SUM(BG38:BL38) -> 20000
... A44: Cost Estimates (For Lenders / Buyers) | E44: 0 | F44: ='Entitlement Gantt Chart'!F60 -> 0 | G44: ='Entitlement Gantt Chart'!G60 -> 0 | H44: ='Entitlement Gantt Chart'!H60 -> 0 | I44: ='Entitlement Gantt Chart'!I60 -> 0 | J44: ='Entitlement Gantt Chart'!J60 -> 10000 | K44: ='Entitlement Gantt Chart'!K60 -> 0 | L44: ='Entitlement Gantt Chart'!L60 -> 0 | M44: ='Entitlement Gantt Chart'!M60 -> 0 | ... Q44: ='Entitlement Gantt Chart'!Q60 -> 0 | R44: 0 | S44: 0 | T44: 0 | U44: 0 | V44: 0 | W44: 0 | X44: 0 | Y44: 0 | Z44: 0 | AA44: 0 | AB44: 0 | AC44: 0 | AD44: 0 | AE44: 0 | AF44: 0 | AG44: 0 | AH44: 0 | AI44: 0 | AJ44: 0 | AK44: 0 | AL44: 0 | AM44: 0 | AN44: 0 | AO44: 0 | AP44: 0 | AQ44: 0 | AR44: 0 | AS44: 0 | AT44: 0 | AU44: 0 | AV44: 0 | AW44: 0 | AX44: 0 | AY44: 0 | AZ44: 0 | BA44: 0 | BB44: 0 | BC44: 0 | BD44: =SUM(E44:BC44) -> 10000 | BG44: =E44 -> 0 | BH44: =SUM(F44:Q44) -> 10000 | BI44: =SUM(R44:AC44) -> 0 | BJ44: =SUM(AD44:AO44) -> 0 | BK44: =SUM(AP44:BA44) -> 0 | BL44: =SUM(BB44:BC44) -> 0 | BM44: =SUM(BG44:BL44) -> 10000
A45: Brokerage / Presale Support (Marketing, Contracts, etc.) | E45: 0 | F45: 50000 | G45: 50000 | H45: 50000 | I45: 50000 | J45: 0 | K45: 0 | L45: 0 | M45: 0 | N45: 0 | O45: 0 | P45: 0 | Q45: 0 | R45: 0 | S45: 0 | T45: 0 | U45: 0 | V45: 0 | W45: 0 | X45: 0 | Y45: 0 | Z45: 0 | AA45: 0 | AB45: 0 | AC45: 0 | AD45: 0 | AE45: 0 | AF45: 0 | AG45: 0 | AH45: 0 | AI45: 0 | AJ45: 0 | AK45: 0 | AL45: 0 | AM45: 0 | AN45: 0 | AO45: 0 | AP45: 0 | AQ45: 0 | AR45: 0 | AS45: 0 | AT45: 0 | AU45: 0 | AV45: 0 | AW45: 0 | AX45: 0 | AY45: 0 | AZ45: 0 | BA45: 0 | BB45: 0 | BC45: 0 | BD45: =SUM(E45:BC45) -> 200000 | BG45: =E45 -> 0 | BH45: =SUM(F45:Q45) -> 200000 | BI45: =SUM(R45:AC45) -> 0 | BJ45: =SUM(AD45:AO45) -> 0 | BK45: =SUM(AP45:BA45) -> 0 | BL45: =SUM(BB45:BC45) -> 0 | BM45: =SUM(BG45:BL45) -> 200000
A46: Secondary Plat Survey & Legal Descriptions | E46: 0 | F46: ='Entitlement Gantt Chart'!F62 -> 0 | G46: ='Entitlement Gantt Chart'!G62 -> 0 | H46: ='Entitlement Gantt Chart'!H62 -> 0 | I46: ='Entitlement Gantt Chart'!I62 -> 0 | J46: ='Entitlement Gantt Chart'!J62 -> 0 | K46: ='Entitlement Gantt Chart'!K62 -> 0 | L46: ='Entitlement Gantt Chart'!L62 -> 0 | M46: ='Entitlement Gantt Chart'!M62 -> 0 | ... Q46: ='Entitlement Gantt Chart'!Q62 -> 0 | R46: 0 | S46: 0 | T46: 0 | U46: 0 | V46: 0 | W46: 0 | X46: 0 | Y46: 0 | Z46: 0 | AA46: 0 | AB46: 0 | AC46: 0 | AD46: 0 | AE46: 0 | AF46: 0 | AG46: 0 | AH46: 0 | AI46: 0 | AJ46: 0 | AK46: 0 | AL46: 0 | AM46: 0 | AN46: 0 | AO46: 0 | AP46: 0 | AQ46: 0 | AR46: 0 | AS46: 0 | AT46: 0 | AU46: 0 | AV46: 0 | AW46: 0 | AX46: 0 | AY46: 0 | AZ46: 0 | BA46: 0 | BB46: 0 | BC46: 0 | BD46: =SUM(E46:BC46) -> 50000 | BG46: =E46 -> 0 | BH46: =SUM(F46:Q46) -> 50000 | BI46: =SUM(R46:AC46) -> 0 | BJ46: =SUM(AD46:AO46) -> 0 | BK46: =SUM(AP46:BA46) -> 0 | BL46: =SUM(BB46:BC46) -> 0 | BM46: =SUM(BG46:BL46) -> 50000
A47: Civil Revisions (Secondary Plan) | E47: 0 | F47: ='Entitlement Gantt Chart'!F63 -> 0 | G47: ='Entitlement Gantt Chart'!G63 -> 0 | H47: ='Entitlement Gantt Chart'!H63 -> 0 | I47: ='Entitlement Gantt Chart'!I63 -> 0 | J47: ='Entitlement Gantt Chart'!J63 -> 0 | K47: ='Entitlement Gantt Chart'!K63 -> 0 | L47: ='Entitlement Gantt Chart'!L63 -> 0 | M47: ='Entitlement Gantt Chart'!M63 -> 0 | ... Q47: ='Entitlement Gantt Chart'!Q63 -> 0 | R47: 0 | S47: 0 | T47: 0 | U47: 0 | V47: 0 | W47: 0 | X47: 0 | Y47: 0 | Z47: 0 | AA47: 0 | AB47: 0 | AC47: 0 | AD47: 0 | AE47: 0 | AF47: 0 | AG47: 0 | AH47: 0 | AI47: 0 | AJ47: 0 | AK47: 0 | AL47: 0 | AM47: 0 | AN47: 0 | AO47: 0 | AP47: 0 | AQ47: 0 | AR47: 0 | AS47: 0 | AT47: 0 | AU47: 0 | AV47: 0 | AW47: 0 | AX47: 0 | AY47: 0 | AZ47: 0 | BA47: 0 | BB47: 0 | BC47: 0 | BD47: =SUM(E47:BC47) -> 60000 | BG47: =E47 -> 0 | BH47: =SUM(F47:Q47) -> 60000 | BI47: =SUM(R47:AC47) -> 0 | BJ47: =SUM(AD47:AO47) -> 0 | BK47: =SUM(AP47:BA47) -> 0 | BL47: =SUM(BB47:BC47) -> 0 | BM47: =SUM(BG47:BL47) -> 60000
A48: Plan Committee / Commission Filings | E48: 0 | F48: ='Entitlement Gantt Chart'!F64 -> 0 | G48: ='Entitlement Gantt Chart'!G64 -> 0 | H48: ='Entitlement Gantt Chart'!H64 -> 0 | I48: ='Entitlement Gantt Chart'!I64 -> 0 | J48: ='Entitlement Gantt Chart'!J64 -> 0 | K48: ='Entitlement Gantt Chart'!K64 -> 0 | L48: ='Entitlement Gantt Chart'!L64 -> 0 | M48: ='Entitlement Gantt Chart'!M64 -> 0 | ... Q48: ='Entitlement Gantt Chart'!Q64 -> 10000 | R48: 0 | S48: 0 | T48: 0 | U48: 0 | V48: 0 | W48: 0 | X48: 0 | Y48: 0 | Z48: 0 | AA48: 0 | AB48: 0 | AC48: 0 | AD48: 0 | AE48: 0 | AF48: 0 | AG48: 0 | AH48: 0 | AI48: 0 | AJ48: 0 | AK48: 0 | AL48: 0 | AM48: 0 | AN48: 0 | AO48: 0 | AP48: 0 | AQ48: 0 | AR48: 0 | AS48: 0 | AT48: 0 | AU48: 0 | AV48: 0 | AW48: 0 | AX48: 0 | AY48: 0 | AZ48: 0 | BA48: 0 | BB48: 0 | BC48: 0 | BD48: =SUM(E48:BC48) -> 10000 | BG48: =E48 -> 0 | BH48: =SUM(F48:Q48) -> 10000 | BI48: =SUM(R48:AC48) -> 0 | BJ48: =SUM(AD48:AO48) -> 0 | BK48: =SUM(AP48:BA48) -> 0 | BL48: =SUM(BB48:BC48) -> 0 | BM48: =SUM(BG48:BL48) -> 10000
A49: Legal (Approvals, Recordation) | E49: 0 | F49: ='Entitlement Gantt Chart'!F65 -> 0 | G49: ='Entitlement Gantt Chart'!G65 -> 0 | H49: ='Entitlement Gantt Chart'!H65 -> 0 | I49: ='Entitlement Gantt Chart'!I65 -> 0 | J49: ='Entitlement Gantt Chart'!J65 -> 0 | K49: ='Entitlement Gantt Chart'!K65 -> 0 | L49: ='Entitlement Gantt Chart'!L65 -> 0 | M49: ='Entitlement Gantt Chart'!M65 -> 0 | ... Q49: ='Entitlement Gantt Chart'!Q65 -> 0 | R49: 0 | S49: 0 | T49: 0 | U49: 0 | V49: 0 | W49: 0 | X49: 0 | Y49: 0 | Z49: 0 | AA49: 0 | AB49: 0 | AC49: 0 | AD49: 0 | AE49: 0 | AF49: 0 | AG49: 0 | AH49: 0 | AI49: 0 | AJ49: 0 | AK49: 0 | AL49: 0 | AM49: 0 | AN49: 0 | AO49: 0 | AP49: 0 | AQ49: 0 | AR49: 0 | AS49: 0 | AT49: 0 | AU49: 0 | AV49: 0 | AW49: 0 | AX49: 0 | AY49: 0 | AZ49: 0 | BA49: 0 | BB49: 0 | BC49: 0 | BD49: =SUM(E49:BC49) -> 15000 | BG49: =E49 -> 0 | BH49: =SUM(F49:Q49) -> 15000 | BI49: =SUM(R49:AC49) -> 0 | BJ49: =SUM(AD49:AO49) -> 0 | BK49: =SUM(AP49:BA49) -> 0 | BL49: =SUM(BB49:BC49) -> 0 | BM49: =SUM(BG49:BL49) -> 15000
A50: 0.1 | E50: 0 | F50: =SUM(F27:F49)*$A$50 -> 37500 | G50: =SUM(G27:G49)*$A$50 -> 5000 | H50: =SUM(H27:H49)*$A$50 -> 5000 | I50: =SUM(I27:I49)*$A$50 -> 46500 | J50: =SUM(J27:J49)*$A$50 -> 1000 | K50: =SUM(K27:K49)*$A$50 -> 0 | L50: =SUM(L27:L49)*$A$50 -> 1000 | M50: =SUM(M27:M49)*$A$50 -> 21000 | ... BC50: =SUM(BC27:BC49)*$A$50 -> 0 | BD50: =SUM(E50:BC50) -> 130500 | BG50: =E50 -> 0 | BH50: =SUM(F50:Q50) -> 130500 | BI50: =SUM(R50:AC50) -> 0 | BJ50: =SUM(AD50:AO50) -> 0 | BK50: =SUM(AP50:BA50) -> 0 | BL50: =SUM(BB50:BC50) -> 0 | BM50: =SUM(BG50:BL50) -> 130500
A51: Hard Costs
A52: Clearing, Grubbing, Rough Grading (Month 1) | E52: 0 | F52: 0 | G52: 0 | H52: 0 | I52: 0 | J52: 0 | K52: 0 | L52: 0 | M52: 0 | N52: 0 | O52: 0 | P52: 0 | Q52: 0 | R52: =149946.27 -> 149946.27 | S52: 0 | T52: 0 | U52: 0 | V52: 0 | W52: 0 | X52: 0 | Y52: 0 | Z52: 0 | AA52: 0 | AB52: 0 | AC52: 0 | AD52: 0 | AE52: 0 | AF52: 0 | AG52: 0 | AH52: 0 | AI52: 0 | AJ52: 0 | AK52: 0 | AL52: 0 | AM52: 0 | AN52: 0 | AO52: 0 | AP52: 0 | AQ52: 0 | AR52: 0 | AS52: 0 | AT52: 0 | AU52: 0 | AV52: 0 | AW52: 0 | AX52: 0 | AY52: 0 | AZ52: 0 | BA52: 0 | BB52: 0 | BC52: 0 | BD52: =SUM(E52:BC52) -> 149946.27 | BG52: =E52 -> 0 | BH52: =SUM(F52:Q52) -> 0 | BI52: =SUM(R52:AC52) -> 149946.27 | BJ52: =SUM(AD52:AO52) -> 0 | BK52: =SUM(AP52:BA52) -> 0 | BL52: =SUM(BB52:BC52) -> 0 | BM52: =SUM(BG52:BL52) -> 149946.27
A53: Mass Grading / Dune Sensitivity Work (Month 2 and 3) | E53: 0 | F53: 0 | G53: 0 | H53: 0 | I53: 0 | J53: 0 | K53: 0 | L53: 0 | M53: 0 | N53: 0 | O53: 0 | P53: 0 | Q53: 0 | R53: 0 | S53: =374865.69/2 -> 187432.85 | T53: =374865.69/2 -> 187432.85 | U53: 0 | V53: 0 | W53: 0 | X53: 0 | Y53: 0 | Z53: 0 | AA53: 0 | AB53: 0 | AC53: 0 | AD53: 0 | AE53: 0 | AF53: 0 | AG53: 0 | AH53: 0 | AI53: 0 | AJ53: 0 | AK53: 0 | AL53: 0 | AM53: 0 | AN53: 0 | AO53: 0 | AP53: 0 | AQ53: 0 | AR53: 0 | AS53: 0 | AT53: 0 | AU53: 0 | AV53: 0 | AW53: 0 | AX53: 0 | AY53: 0 | AZ53: 0 | BA53: 0 | BB53: 0 | BC53: 0 | BD53: =SUM(E53:BC53) -> 374865.69 | BG53: =E53 -> 0 | BH53: =SUM(F53:Q53) -> 0 | BI53: =SUM(R53:AC53) -> 374865.69 | BJ53: =SUM(AD53:AO53) -> 0 | BK53: =SUM(AP53:BA53) -> 0 | BL53: =SUM(BB53:BC53) -> 0 | BM53: =SUM(BG53:BL53) -> 374865.69
A54: Roadways (24' asphalt, curb, base) (Months 3 - 7) | E54: 0 | F54: 0 | G54: 0 | H54: 0 | I54: 0 | J54: 0 | K54: 0 | L54: 0 | M54: 0 | N54: 0 | O54: 0 | P54: 0 | Q54: 0 | R54: 0 | S54: 0 | T54: =1874328.36/5 -> 374865.67 | U54: =1874328.36/5 -> 374865.67 | V54: =1874328.36/5 -> 374865.67 | W54: =1874328.36/5 -> 374865.67 | X54: =1874328.36/5 -> 374865.67 | Y54: 0 | Z54: 0 | AA54: 0 | AB54: 0 | AC54: 0 | AD54: 0 | AE54: 0 | AF54: 0 | AG54: 0 | AH54: 0 | AI54: 0 | AJ54: 0 | AK54: 0 | AL54: 0 | AM54: 0 | AN54: 0 | AO54: 0 | AP54: 0 | AQ54: 0 | AR54: 0 | AS54: 0 | AT54: 0 | AU54: 0 | AV54: 0 | AW54: 0 | AX54: 0 | AY54: 0 | AZ54: 0 | BA54: 0 | BB54: 0 | BC54: 0 | BD54: =SUM(E54:BC54) -> 1874328.4 | BG54: =E54 -> 0 | BH54: =SUM(F54:Q54) -> 0 | BI54: =SUM(R54:AC54) -> 1874328.4 | BJ54: =SUM(AD54:AO54) -> 0 | BK54: =SUM(AP54:BA54) -> 0 | BL54: =SUM(BB54:BC54) -> 0 | BM54: =SUM(BG54:BL54) -> 1874328.4
A55: Sidewalks / Paths / Trails (Months 7 - 12) | E55: 0 | F55: 0 | G55: 0 | H55: 0 | I55: 0 | J55: 0 | K55: 0 | L55: 0 | M55: 0 | N55: 0 | O55: 0 | P55: 0 | Q55: 0 | R55: 0 | S55: 0 | T55: 0 | U55: 0 | V55: 0 | W55: 0 | X55: =224919.4/6 -> 37486.567 | Y55: =224919.4/6 -> 37486.567 | Z55: =224919.4/6 -> 37486.567 | AA55: =224919.4/6 -> 37486.567 | AB55: =224919.4/6 -> 37486.567 | AC55: =224919.4/6 -> 37486.567 | AD55: 0 | AE55: 0 | AF55: 0 | AG55: 0 | AH55: 0 | AI55: 0 | AJ55: 0 | AK55: 0 | AL55: 0 | AM55: 0 | AN55: 0 | AO55: 0 | AP55: 0 | AQ55: 0 | AR55: 0 | AS55: 0 | AT55: 0 | AU55: 0 | AV55: 0 | AW55: 0 | AX55: 0 | AY55: 0 | AZ55: 0 | BA55: 0 | BB55: 0 | BC55: 0 | BD55: =SUM(E55:BC55) -> 224919.4 | BG55: =E55 -> 0 | BH55: =SUM(F55:Q55) -> 0 | BI55: =SUM(R55:AC55) -> 224919.4 | BJ55: =SUM(AD55:AO55) -> 0 | BK55: =SUM(AP55:BA55) -> 0 | BL55: =SUM(BB55:BC55) -> 0 | BM55: =SUM(BG55:BL55) -> 224919.4
A56: Water System (Months 3 - 12) | E56: 0 | F56: 0 | G56: 0 | H56: 0 | I56: 0 | J56: 0 | K56: 0 | L56: 0 | M56: 0 | N56: 0 | O56: 0 | P56: 0 | Q56: 0 | R56: 0 | S56: 0 | T56: =374865.67/10/60*SUMMARY!$G$9 -> 54980.298 | U56: =374865.67/10/60*SUMMARY!$G$9 -> 54980.298 | V56: =374865.67/10/60*SUMMARY!$G$9 -> 54980.298 | W56: =374865.67/10/60*SUMMARY!$G$9 -> 54980.298 | X56: =374865.67/10/60*SUMMARY!$G$9 -> 54980.298 | Y56: =374865.67/10/60*SUMMARY!$G$9 -> 54980.298 | Z56: =374865.67/10/60*SUMMARY!$G$9 -> 54980.298 | AA56: =374865.67/10/60*SUMMARY!$G$9 -> 54980.298 | ... AC56: =374865.67/10/60*SUMMARY!$G$9 -> 54980.298 | AD56: 0 | AE56: 0 | AF56: 0 | AG56: 0 | AH56: 0 | AI56: 0 | AJ56: 0 | AK56: 0 | AL56: 0 | AM56: 0 | AN56: 0 | AO56: 0 | AP56: 0 | AQ56: 0 | AR56: 0 | AS56: 0 | AT56: 0 | AU56: 0 | AV56: 0 | AW56: 0 | AX56: 0 | AY56: 0 | AZ56: 0 | BA56: 0 | BB56: 0 | BC56: 0 | BD56: =SUM(E56:BC56) -> 549802.98 | BG56: =E56 -> 0 | BH56: =SUM(F56:Q56) -> 0 | BI56: =SUM(R56:AC56) -> 549802.98 | BJ56: =SUM(AD56:AO56) -> 0 | BK56: =SUM(AP56:BA56) -> 0 | BL56: =SUM(BB56:BC56) -> 0 | BM56: =SUM(BG56:BL56) -> 549802.98
A57: Sanitary Sewer (Months 3 - 12) | E57: 0 | F57: 0 | G57: 0 | H57: 0 | I57: 0 | J57: 0 | K57: 0 | L57: 0 | M57: 0 | N57: 0 | O57: 0 | P57: 0 | Q57: 0 | R57: 0 | S57: 0 | T57: =524811.94/10/60*SUMMARY!$G$9 -> 76972.418 | U57: =524811.94/10/60*SUMMARY!$G$9 -> 76972.418 | V57: =524811.94/10/60*SUMMARY!$G$9 -> 76972.418 | W57: =524811.94/10/60*SUMMARY!$G$9 -> 76972.418 | X57: =524811.94/10/60*SUMMARY!$G$9 -> 76972.418 | Y57: =524811.94/10/60*SUMMARY!$G$9 -> 76972.418 | Z57: =524811.94/10/60*SUMMARY!$G$9 -> 76972.418 | AA57: =524811.94/10/60*SUMMARY!$G$9 -> 76972.418 | ... AC57: =524811.94/10/60*SUMMARY!$G$9 -> 76972.418 | AD57: 0 | AE57: 0 | AF57: 0 | AG57: 0 | AH57: 0 | AI57: 0 | AJ57: 0 | AK57: 0 | AL57: 0 | AM57: 0 | AN57: 0 | AO57: 0 | AP57: 0 | AQ57: 0 | AR57: 0 | AS57: 0 | AT57: 0 | AU57: 0 | AV57: 0 | AW57: 0 | AX57: 0 | AY57: 0 | AZ57: 0 | BA57: 0 | BB57: 0 | BC57: 0 | BD57: =SUM(E57:BC57) -> 769724.18 | BG57: =E57 -> 0 | BH57: =SUM(F57:Q57) -> 0 | BI57: =SUM(R57:AC57) -> 769724.18 | BJ57: =SUM(AD57:AO57) -> 0 | BK57: =SUM(AP57:BA57) -> 0 | BL57: =SUM(BB57:BC57) -> 0 | BM57: =SUM(BG57:BL57) -> 769724.18
A58: Stormwater (Months 3 - 12) | E58: 0 | F58: 0 | G58: 0 | H58: 0 | I58: 0 | J58: 0 | K58: 0 | L58: 0 | M58: 0 | N58: 0 | O58: 0 | P58: 0 | Q58: 0 | R58: 0 | S58: 0 | T58: =599785.07/10 -> 59978.507 | U58: =599785.07/10 -> 59978.507 | V58: =599785.07/10 -> 59978.507 | W58: =599785.07/10 -> 59978.507 | X58: =599785.07/10 -> 59978.507 | Y58: =599785.07/10 -> 59978.507 | Z58: =599785.07/10 -> 59978.507 | AA58: =599785.07/10 -> 59978.507 | ... AC58: =599785.07/10 -> 59978.507 | AD58: 0 | AE58: 0 | AF58: 0 | AG58: 0 | AH58: 0 | AI58: 0 | AJ58: 0 | AK58: 0 | AL58: 0 | AM58: 0 | AN58: 0 | AO58: 0 | AP58: 0 | AQ58: 0 | AR58: 0 | AS58: 0 | AT58: 0 | AU58: 0 | AV58: 0 | AW58: 0 | AX58: 0 | AY58: 0 | AZ58: 0 | BA58: 0 | BB58: 0 | BC58: 0 | BD58: =SUM(E58:BC58) -> 599785.07 | BG58: =E58 -> 0 | BH58: =SUM(F58:Q58) -> 0 | BI58: =SUM(R58:AC58) -> 599785.07 | BJ58: =SUM(AD58:AO58) -> 0 | BK58: =SUM(AP58:BA58) -> 0 | BL58: =SUM(BB58:BC58) -> 0 | BM58: =SUM(BG58:BL58) -> 599785.07
A59: Dry Utilities (electric, gas, fiber) (Months 3 - 12) | E59: 0 | F59: 0 | G59: 0 | H59: 0 | I59: 0 | J59: 0 | K59: 0 | L59: 0 | M59: 0 | N59: 0 | O59: 0 | P59: 0 | Q59: 0 | R59: 0 | S59: 0 | T59: =374865.67/10/60*SUMMARY!$G$9 -> 54980.298 | U59: =374865.67/10/60*SUMMARY!$G$9 -> 54980.298 | V59: =374865.67/10/60*SUMMARY!$G$9 -> 54980.298 | W59: =374865.67/10/60*SUMMARY!$G$9 -> 54980.298 | X59: =374865.67/10/60*SUMMARY!$G$9 -> 54980.298 | Y59: =374865.67/10/60*SUMMARY!$G$9 -> 54980.298 | Z59: =374865.67/10/60*SUMMARY!$G$9 -> 54980.298 | AA59: =374865.67/10/60*SUMMARY!$G$9 -> 54980.298 | ... AC59: =374865.67/10/60*SUMMARY!$G$9 -> 54980.298 | AD59: 0 | AE59: 0 | AF59: 0 | AG59: 0 | AH59: 0 | AI59: 0 | AJ59: 0 | AK59: 0 | AL59: 0 | AM59: 0 | AN59: 0 | AO59: 0 | AP59: 0 | AQ59: 0 | AR59: 0 | AS59: 0 | AT59: 0 | AU59: 0 | AV59: 0 | AW59: 0 | AX59: 0 | AY59: 0 | AZ59: 0 | BA59: 0 | BB59: 0 | BC59: 0 | BD59: =SUM(E59:BC59) -> 549802.98 | BG59: =E59 -> 0 | BH59: =SUM(F59:Q59) -> 0 | BI59: =SUM(R59:AC59) -> 549802.98 | BJ59: =SUM(AD59:AO59) -> 0 | BK59: =SUM(AP59:BA59) -> 0 | BL59: =SUM(BB59:BC59) -> 0 | BM59: =SUM(BG59:BL59) -> 549802.98
A60: Street Lighting (Months 3 - 12) | E60: 0 | F60: 0 | G60: 0 | H60: 0 | I60: 0 | J60: 0 | K60: 0 | L60: 0 | M60: 0 | N60: 0 | O60: 0 | P60: 0 | Q60: 0 | R60: 0 | S60: 0 | T60: =112459.7/10 -> 11245.97 | U60: =112459.7/10 -> 11245.97 | V60: =112459.7/10 -> 11245.97 | W60: =112459.7/10 -> 11245.97 | X60: =112459.7/10 -> 11245.97 | Y60: =112459.7/10 -> 11245.97 | Z60: =112459.7/10 -> 11245.97 | AA60: =112459.7/10 -> 11245.97 | ... AC60: =112459.7/10 -> 11245.97 | AD60: 0 | AE60: 0 | AF60: 0 | AG60: 0 | AH60: 0 | AI60: 0 | AJ60: 0 | AK60: 0 | AL60: 0 | AM60: 0 | AN60: 0 | AO60: 0 | AP60: 0 | AQ60: 0 | AR60: 0 | AS60: 0 | AT60: 0 | AU60: 0 | AV60: 0 | AW60: 0 | AX60: 0 | AY60: 0 | AZ60: 0 | BA60: 0 | BB60: 0 | BC60: 0 | BD60: =SUM(E60:BC60) -> 112459.7 | BG60: =E60 -> 0 | BH60: =SUM(F60:Q60) -> 0 | BI60: =SUM(R60:AC60) -> 112459.7 | BJ60: =SUM(AD60:AO60) -> 0 | BK60: =SUM(AP60:BA60) -> 0 | BL60: =SUM(BB60:BC60) -> 0 | BM60: =SUM(BG60:BL60) -> 112459.7
A61: Landscaping / Entry Features (Months 8 - 12) | E61: 0 | F61: 0 | G61: 0 | H61: 0 | I61: 0 | J61: 0 | K61: 0 | L61: 0 | M61: 0 | N61: 0 | O61: 0 | P61: 0 | Q61: 0 | R61: 0 | S61: 0 | T61: 0 | U61: 0 | V61: 0 | W61: 0 | X61: 0 | Y61: =200000/5 -> 40000 | Z61: =200000/5 -> 40000 | AA61: =200000/5 -> 40000 | AB61: =200000/5 -> 40000 | AC61: =200000/5 -> 40000 | AD61: 0 | AE61: 0 | AF61: 0 | AG61: 0 | AH61: 0 | AI61: 0 | AJ61: 0 | AK61: 0 | AL61: 0 | AM61: 0 | AN61: 0 | AO61: 0 | AP61: 0 | AQ61: 0 | AR61: 0 | AS61: 0 | AT61: 0 | AU61: 0 | AV61: 0 | AW61: 0 | AX61: 0 | AY61: 0 | AZ61: 0 | BA61: 0 | BB61: 0 | BC61: 0 | BD61: =SUM(E61:BC61) -> 200000 | BG61: =E61 -> 0 | BH61: =SUM(F61:Q61) -> 0 | BI61: =SUM(R61:AC61) -> 200000 | BJ61: =SUM(AD61:AO61) -> 0 | BK61: =SUM(AP61:BA61) -> 0 | BL61: =SUM(BB61:BC61) -> 0 | BM61: =SUM(BG61:BL61) -> 200000
A62: Clubhouse / Amenity Building (Months 4 - 12) | E62: 0 | F62: 0 | G62: 0 | H62: 0 | I62: 0 | J62: 0 | K62: 0 | L62: 0 | M62: 0 | N62: 0 | O62: 0 | P62: 0 | Q62: 0 | R62: 0 | S62: 0 | T62: 0 | U62: =899678/9/60*SUMMARY!$G$9 -> 146614.19 | V62: =899678/9/60*SUMMARY!$G$9 -> 146614.19 | W62: =899678/9/60*SUMMARY!$G$9 -> 146614.19 | X62: =899678/9/60*SUMMARY!$G$9 -> 146614.19 | Y62: =899678/9/60*SUMMARY!$G$9 -> 146614.19 | Z62: =899678/9/60*SUMMARY!$G$9 -> 146614.19 | AA62: =899678/9/60*SUMMARY!$G$9 -> 146614.19 | AB62: =899678/9/60*SUMMARY!$G$9 -> 146614.19 | AC62: =899678/9/60*SUMMARY!$G$9 -> 146614.19 | AD62: 0 | AE62: 0 | AF62: 0 | AG62: 0 | AH62: 0 | AI62: 0 | AJ62: 0 | AK62: 0 | AL62: 0 | AM62: 0 | AN62: 0 | AO62: 0 | AP62: 0 | AQ62: 0 | AR62: 0 | AS62: 0 | AT62: 0 | AU62: 0 | AV62: 0 | AW62: 0 | AX62: 0 | AY62: 0 | AZ62: 0 | BA62: 0 | BB62: 0 | BC62: 0 | BD62: =SUM(E62:BC62) -> 1319527.7 | BG62: =E62 -> 0 | BH62: =SUM(F62:Q62) -> 0 | BI62: =SUM(R62:AC62) -> 1319527.7 | BJ62: =SUM(AD62:AO62) -> 0 | BK62: =SUM(AP62:BA62) -> 0 | BL62: =SUM(BB62:BC62) -> 0 | BM62: =SUM(BG62:BL62) -> 1319527.7
A63: Pool, Deck and Equipment (Months 8 - 12) | E63: 0 | F63: 0 | G63: 0 | H63: 0 | I63: 0 | J63: 0 | K63: 0 | L63: 0 | M63: 0 | N63: 0 | O63: 0 | P63: 0 | Q63: 0 | R63: 0 | S63: 0 | T63: 0 | U63: 0 | V63: 0 | W63: 0 | X63: 0 | Y63: =500000/5 -> 100000 | Z63: =500000/5 -> 100000 | AA63: =500000/5 -> 100000 | AB63: =500000/5 -> 100000 | AC63: =500000/5 -> 100000 | AD63: 0 | AE63: 0 | AF63: 0 | AG63: 0 | AH63: 0 | AI63: 0 | AJ63: 0 | AK63: 0 | AL63: 0 | AM63: 0 | AN63: 0 | AO63: 0 | AP63: 0 | AQ63: 0 | AR63: 0 | AS63: 0 | AT63: 0 | AU63: 0 | AV63: 0 | AW63: 0 | AX63: 0 | AY63: 0 | AZ63: 0 | BA63: 0 | BB63: 0 | BC63: 0 | BD63: =SUM(E63:BC63) -> 500000 | BG63: =E63 -> 0 | BH63: =SUM(F63:Q63) -> 0 | BI63: =SUM(R63:AC63) -> 500000 | BJ63: =SUM(AD63:AO63) -> 0 | BK63: =SUM(AP63:BA63) -> 0 | BL63: =SUM(BB63:BC63) -> 0 | BM63: =SUM(BG63:BL63) -> 500000
A64: South Commons (maintenance/storage) (Months 4 - 12) | E64: 0 | F64: 0 | G64: 0 | H64: 0 | I64: 0 | J64: 0 | K64: 0 | L64: 0 | M64: 0 | N64: 0 | O64: 0 | P64: 0 | Q64: 0 | R64: 0 | S64: 0 | T64: 0 | U64: =100000/9 -> 11111.111 | V64: =100000/9 -> 11111.111 | W64: =100000/9 -> 11111.111 | X64: =100000/9 -> 11111.111 | Y64: =100000/9 -> 11111.111 | Z64: =100000/9 -> 11111.111 | AA64: =100000/9 -> 11111.111 | AB64: =100000/9 -> 11111.111 | AC64: =100000/9 -> 11111.111 | AD64: 0 | AE64: 0 | AF64: 0 | AG64: 0 | AH64: 0 | AI64: 0 | AJ64: 0 | AK64: 0 | AL64: 0 | AM64: 0 | AN64: 0 | AO64: 0 | AP64: 0 | AQ64: 0 | AR64: 0 | AS64: 0 | AT64: 0 | AU64: 0 | AV64: 0 | AW64: 0 | AX64: 0 | AY64: 0 | AZ64: 0 | BA64: 0 | BB64: 0 | BC64: 0 | BD64: =SUM(E64:BC64) -> 100000 | BG64: =E64 -> 0 | BH64: =SUM(F64:Q64) -> 0 | BI64: =SUM(R64:AC64) -> 100000 | BJ64: =SUM(AD64:AO64) -> 0 | BK64: =SUM(AP64:BA64) -> 0 | BL64: =SUM(BB64:BC64) -> 0 | BM64: =SUM(BG64:BL64) -> 100000
A65: Site Furnishings (docks, fire pits, seating, trails) (Months 10 - 12) | E65: 0 | F65: 0 | G65: 0 | H65: 0 | I65: 0 | J65: 0 | K65: 0 | L65: 0 | M65: 0 | N65: 0 | O65: 0 | P65: 0 | Q65: 0 | R65: 0 | S65: 0 | T65: 0 | U65: 0 | V65: 0 | W65: 0 | X65: 0 | Y65: 0 | Z65: 0 | AA65: =100000/3/60*SUMMARY!$G$9 -> 48888.889 | AB65: =100000/3/60*SUMMARY!$G$9 -> 48888.889 | AC65: =100000/3/60*SUMMARY!$G$9 -> 48888.889 | AD65: 0 | AE65: 0 | AF65: 0 | AG65: 0 | AH65: 0 | AI65: 0 | AJ65: 0 | AK65: 0 | AL65: 0 | AM65: 0 | AN65: 0 | AO65: 0 | AP65: 0 | AQ65: 0 | AR65: 0 | AS65: 0 | AT65: 0 | AU65: 0 | AV65: 0 | AW65: 0 | AX65: 0 | AY65: 0 | AZ65: 0 | BA65: 0 | BB65: 0 | BC65: 0 | BD65: =SUM(E65:BC65) -> 146666.67 | BG65: =E65 -> 0 | BH65: =SUM(F65:Q65) -> 0 | BI65: =SUM(R65:AC65) -> 146666.67 | BJ65: =SUM(AD65:AO65) -> 0 | BK65: =SUM(AP65:BA65) -> 0 | BL65: =SUM(BB65:BC65) -> 0 | BM65: =SUM(BG65:BL65) -> 146666.67
A66: 0.1 | E66: 0 | F66: 0 | G66: 0 | H66: 0 | I66: 0 | J66: 0 | K66: 0 | L66: 0 | M66: 0 | N66: 0 | O66: 0 | P66: 0 | Q66: 0 | R66: =SUM(R52:R65)*$A$66 -> 14994.627 | S66: =SUM(S52:S65)*$A$66 -> 18743.285 | T66: =SUM(T52:T65)*$A$66 -> 82045.601 | U66: =SUM(U52:U65)*$A$66 -> 79074.847 | V66: =SUM(V52:V65)*$A$66 -> 79074.847 | W66: =SUM(W52:W65)*$A$66 -> 79074.847 | X66: =SUM(X52:X65)*$A$66 -> 82823.503 | Y66: =SUM(Y52:Y65)*$A$66 -> 59336.936 | ... AC66: =SUM(AC52:AC65)*$A$66 -> 64225.825 | AD66: =SUM(AD52:AD65)*0.05 -> 0 | AE66: =SUM(AE52:AE65)*0.05 -> 0 | AF66: =SUM(AF52:AF65)*0.05 -> 0 | AG66: =SUM(AG52:AG65)*0.05 -> 0 | AH66: =SUM(AH52:AH65)*0.05 -> 0 | AI66: =SUM(AI52:AI65)*0.05 -> 0 | AJ66: =SUM(AJ52:AJ65)*0.05 -> 0 | AK66: =SUM(AK52:AK65)*0.05 -> 0 | ... BC66: =SUM(BC52:BC65)*0.05 -> 0 | BD66: =SUM(E66:BC66) -> 747182.9 | BG66: =E66 -> 0 | BH66: =SUM(F66:Q66) -> 0 | BI66: =SUM(R66:AC66) -> 747182.9 | BJ66: =SUM(AD66:AO66) -> 0 | BK66: =SUM(AP66:BA66) -> 0 | BL66: =SUM(BB66:BC66) -> 0 | BM66: =SUM(BG66:BL66) -> 747182.9
A67: Soft Costs
A68: Legal & Accounting | E68: 0 | F68: 0 | G68: 0 | H68: 0 | I68: 0 | J68: 0 | K68: 0 | L68: 0 | M68: 0 | N68: 0 | O68: 0 | P68: 0 | Q68: 0 | R68: =(100000-E49-E41-E34)/12 -> 8333.3333 | S68: =R68 -> 8333.3333 | T68: =S68 -> 8333.3333 | U68: =T68 -> 8333.3333 | V68: =U68 -> 8333.3333 | W68: =V68 -> 8333.3333 | X68: =W68 -> 8333.3333 | Y68: =X68 -> 8333.3333 | Z68: =Y68 -> 8333.3333 | ... AC68: =AB68 -> 8333.3333 | AD68: 0 | AE68: 0 | AF68: 0 | AG68: 0 | AH68: 0 | AI68: 0 | AJ68: 0 | AK68: 0 | AL68: 0 | AM68: 0 | AN68: 0 | AO68: 0 | AP68: 0 | AQ68: 0 | AR68: 0 | AS68: 0 | AT68: 0 | AU68: 0 | AV68: 0 | AW68: 0 | AX68: 0 | AY68: 0 | AZ68: 0 | BA68: 0 | BB68: 0 | BC68: 0 | BD68: =SUM(E68:BC68) -> 100000 | BG68: =E68 -> 0 | BH68: =SUM(F68:Q68) -> 0 | BI68: =SUM(R68:AC68) -> 100000 | BJ68: =SUM(AD68:AO68) -> 0 | BK68: =SUM(AP68:BA68) -> 0 | BL68: =SUM(BB68:BC68) -> 0 | BM68: =SUM(BG68:BL68) -> 100000
A69: Title & Survey | E69: 0 | F69: 0 | G69: 0 | H69: 0 | I69: 0 | J69: 0 | K69: 0 | L69: 0 | M69: 0 | N69: 0 | O69: 0 | P69: 0 | Q69: 0 | R69: =75000/12 -> 6250 | S69: =R69 -> 6250 | T69: =S69 -> 6250 | U69: =T69 -> 6250 | V69: =U69 -> 6250 | W69: =V69 -> 6250 | X69: =W69 -> 6250 | Y69: =X69 -> 6250 | Z69: =Y69 -> 6250 | ... AC69: =AB69 -> 6250 | AD69: 0 | AE69: 0 | AF69: 0 | AG69: 0 | AH69: 0 | AI69: 0 | AJ69: 0 | AK69: 0 | AL69: 0 | AM69: 0 | AN69: 0 | AO69: 0 | AP69: 0 | AQ69: 0 | AR69: 0 | AS69: 0 | AT69: 0 | AU69: 0 | AV69: 0 | AW69: 0 | AX69: 0 | AY69: 0 | AZ69: 0 | BA69: 0 | BB69: 0 | BC69: 0 | BD69: =SUM(E69:BC69) -> 75000 | BG69: =E69 -> 0 | BH69: =SUM(F69:Q69) -> 0 | BI69: =SUM(R69:AC69) -> 75000 | BJ69: =SUM(AD69:AO69) -> 0 | BK69: =SUM(AP69:BA69) -> 0 | BL69: =SUM(BB69:BC69) -> 0 | BM69: =SUM(BG69:BL69) -> 75000
A70: Construction Management Fee (1.5% of Hard Costs) | E70: 0 | F70: 0 | G70: 0 | H70: 0 | I70: 0 | J70: 0 | K70: 0 | L70: 0 | M70: 0 | N70: 0 | O70: 0 | P70: 0 | Q70: 0 | R70: =0.015*SUM(R52:R66) -> 2474.1135 | S70: =0.015*SUM(S52:S66) -> 3092.6419 | T70: =0.015*SUM(T52:T66) -> 13537.524 | U70: =0.015*SUM(U52:U66) -> 13047.35 | V70: =0.015*SUM(V52:V66) -> 13047.35 | W70: =0.015*SUM(W52:W66) -> 13047.35 | X70: =0.015*SUM(X52:X66) -> 13665.878 | Y70: =0.015*SUM(Y52:Y66) -> 9790.5945 | ... AC70: =0.015*SUM(AC52:AC66) -> 10597.261 | AD70: 0 | AE70: 0 | AF70: 0 | AG70: 0 | AH70: 0 | AI70: 0 | AJ70: 0 | AK70: 0 | AL70: 0 | AM70: 0 | AN70: 0 | AO70: 0 | AP70: 0 | AQ70: 0 | AR70: 0 | AS70: 0 | AT70: 0 | AU70: 0 | AV70: 0 | AW70: 0 | AX70: 0 | AY70: 0 | AZ70: 0 | BA70: 0 | BB70: 0 | BC70: 0 | BD70: =SUM(E70:BC70) -> 123285.18 | BG70: =E70 -> 0 | BH70: =SUM(F70:Q70) -> 0 | BI70: =SUM(R70:AC70) -> 123285.18 | BJ70: =SUM(AD70:AO70) -> 0 | BK70: =SUM(AP70:BA70) -> 0 | BL70: =SUM(BB70:BC70) -> 0 | BM70: =SUM(BG70:BL70) -> 123285.18
A71: Testing & Inspections | E71: 0 | F71: 0 | G71: 0 | H71: 0 | I71: 0 | J71: 0 | K71: 0 | L71: 0 | M71: 0 | N71: 0 | O71: 0 | P71: 0 | Q71: 0 | R71: =75000/12 -> 6250 | S71: =75000/12 -> 6250 | T71: =75000/12 -> 6250 | U71: =75000/12 -> 6250 | V71: =75000/12 -> 6250 | W71: =75000/12 -> 6250 | X71: =75000/12 -> 6250 | Y71: =75000/12 -> 6250 | ... AC71: =75000/12 -> 6250 | AD71: 0 | AE71: 0 | AF71: 0 | AG71: 0 | AH71: 0 | AI71: 0 | AJ71: 0 | AK71: 0 | AL71: 0 | AM71: 0 | AN71: 0 | AO71: 0 | AP71: 0 | AQ71: 0 | AR71: 0 | AS71: 0 | AT71: 0 | AU71: 0 | AV71: 0 | AW71: 0 | AX71: 0 | AY71: 0 | AZ71: 0 | BA71: 0 | BB71: 0 | BC71: 0 | BD71: =SUM(E71:BC71) -> 75000 | BG71: =E71 -> 0 | BH71: =SUM(F71:Q71) -> 0 | BI71: =SUM(R71:AC71) -> 75000 | BJ71: =SUM(AD71:AO71) -> 0 | BK71: =SUM(AP71:BA71) -> 0 | BL71: =SUM(BB71:BC71) -> 0 | BM71: =SUM(BG71:BL71) -> 75000
A72: Real Estate Taxes | E72: 0 | F72: =75000/4/12 -> 1562.5 | G72: =75000/4/12 -> 1562.5 | H72: =75000/4/12 -> 1562.5 | I72: =75000/4/12 -> 1562.5 | J72: =75000/4/12 -> 1562.5 | K72: =75000/4/12 -> 1562.5 | L72: =75000/4/12 -> 1562.5 | M72: =75000/4/12 -> 1562.5 | ... Q72: =75000/4/12 -> 1562.5 | R72: =75000/12 -> 6250 | S72: =75000/12 -> 6250 | T72: =75000/12 -> 6250 | U72: =75000/12 -> 6250 | V72: =75000/12 -> 6250 | W72: =75000/12 -> 6250 | X72: =75000/12 -> 6250 | Y72: =75000/12 -> 6250 | ... AC72: =75000/12 -> 6250 | AD72: 0 | AE72: 0 | AF72: 0 | AG72: 0 | AH72: 0 | AI72: 0 | AJ72: 0 | AK72: 0 | AL72: 0 | AM72: 0 | AN72: 0 | AO72: 0 | AP72: 0 | AQ72: 0 | AR72: 0 | AS72: 0 | AT72: 0 | AU72: 0 | AV72: 0 | AW72: 0 | AX72: 0 | AY72: 0 | AZ72: 0 | BA72: 0 | BB72: 0 | BC72: 0 | BD72: =SUM(E72:BC72) -> 93750 | BG72: =E72 -> 0 | BH72: =SUM(F72:Q72) -> 18750 | BI72: =SUM(R72:AC72) -> 75000 | BJ72: =SUM(AD72:AO72) -> 0 | BK72: =SUM(AP72:BA72) -> 0 | BL72: =SUM(BB72:BC72) -> 0 | BM72: =SUM(BG72:BL72) -> 93750
A73: Insurance | E73: 0 | F73: =125000/12 -> 10416.667 | G73: =125000/12 -> 10416.667 | H73: =125000/12 -> 10416.667 | I73: =125000/12 -> 10416.667 | J73: =125000/12 -> 10416.667 | K73: =125000/12 -> 10416.667 | L73: =125000/12 -> 10416.667 | M73: =125000/12 -> 10416.667 | ... AC73: =125000/12 -> 10416.667 | AD73: =125000/12/SUMMARY!$G$9*(SUMMARY!$G$9-AD10) -> 5918.5606 | AE73: =125000/12/SUMMARY!$G$9*(SUMMARY!$G$9-AE10) -> 5681.8182 | AF73: =125000/12/SUMMARY!$G$9*(SUMMARY!$G$9-AF10) -> 5445.0758 | AG73: =125000/12/SUMMARY!$G$9*(SUMMARY!$G$9-AG10) -> 5208.3333 | AH73: =125000/12/SUMMARY!$G$9*(SUMMARY!$G$9-AH10) -> 4971.5909 | AI73: =125000/12/SUMMARY!$G$9*(SUMMARY!$G$9-AI10) -> 4734.8485 | AJ73: =125000/12/SUMMARY!$G$9*(SUMMARY!$G$9-AJ10) -> 4498.1061 | AK73: =125000/12/SUMMARY!$G$9*(SUMMARY!$G$9-AK10) -> 4261.3636 | ... BC73: =125000/12/SUMMARY!$G$9*(SUMMARY!$G$9-BC10) -> 0 | BD73: =SUM(E73:BC73) -> 326941.29 | BG73: =E73 -> 0 | BH73: =SUM(F73:Q73) -> 125000 | BI73: =SUM(R73:AC73) -> 125000 | BJ73: =SUM(AD73:AO73) -> 55397.727 | BK73: =SUM(AP73:BA73) -> 21306.818 | BL73: =SUM(BB73:BC73) -> 236.74242 | BM73: =SUM(BG73:BL73) -> 326941.29
A74: Marketing | E74: 0 | F74: 0 | G74: 0 | H74: 0 | I74: 0 | J74: =IF(J7>0,5000,0) -> 5000 | K74: =IF(K7>0,5000,0) -> 5000 | L74: =IF(L7>0,5000,0) -> 5000 | M74: =IF(M7>0,5000,0) -> 5000 | N74: =IF(N7>0,5000,0) -> 5000 | O74: =IF(O7>0,5000,0) -> 5000 | P74: =IF(P7>0,5000,0) -> 5000 | Q74: =IF(Q7>0,5000,0) -> 5000 | ... BC74: =IF(BC7>0,5000,0) -> 0 | BD74: =SUM(E74:BC74) -> 220000 | BG74: =E74 -> 0 | BH74: =SUM(F74:Q74) -> 40000 | BI74: =SUM(R74:AC74) -> 60000 | BJ74: =SUM(AD74:AO74) -> 60000 | BK74: =SUM(AP74:BA74) -> 60000 | BL74: =SUM(BB74:BC74) -> 0 | BM74: =SUM(BG74:BL74) -> 220000
A75: Permits/Fees | E75: 0 | F75: 0 | G75: 0 | H75: 0 | I75: 0 | J75: 0 | K75: 0 | L75: 0 | M75: 0 | N75: 0 | O75: 0 | P75: 0 | Q75: 0 | R75: =150000/12 -> 12500 | S75: =150000/12 -> 12500 | T75: =150000/12 -> 12500 | U75: =150000/12 -> 12500 | V75: =150000/12 -> 12500 | W75: =150000/12 -> 12500 | X75: =150000/12 -> 12500 | Y75: =150000/12 -> 12500 | ... AC75: =150000/12 -> 12500 | AD75: 0 | AE75: 0 | AF75: 0 | AG75: 0 | AH75: 0 | AI75: 0 | AJ75: 0 | AK75: 0 | AL75: 0 | AM75: 0 | AN75: 0 | AO75: 0 | AP75: 0 | AQ75: 0 | AR75: 0 | AS75: 0 | AT75: 0 | AU75: 0 | AV75: 0 | AW75: 0 | AX75: 0 | AY75: 0 | AZ75: 0 | BA75: 0 | BB75: 0 | BC75: 0 | BD75: =SUM(E75:BC75) -> 150000 | BG75: =E75 -> 0 | BH75: =SUM(F75:Q75) -> 0 | BI75: =SUM(R75:AC75) -> 150000 | BJ75: =SUM(AD75:AO75) -> 0 | BK75: =SUM(AP75:BA75) -> 0 | BL75: =SUM(BB75:BC75) -> 0 | BM75: =SUM(BG75:BL75) -> 150000
A76: Construction Period Utilities | E76: 0 | F76: 0 | G76: 0 | H76: 0 | I76: 0 | J76: 0 | K76: 0 | L76: 0 | M76: 0 | N76: 0 | O76: 0 | P76: 0 | Q76: 0 | R76: =25000/12 -> 2083.3333 | S76: =25000/12 -> 2083.3333 | T76: =25000/12 -> 2083.3333 | U76: =25000/12 -> 2083.3333 | V76: =25000/12 -> 2083.3333 | W76: =25000/12 -> 2083.3333 | X76: =25000/12 -> 2083.3333 | Y76: =25000/12 -> 2083.3333 | ... AC76: =25000/12 -> 2083.3333 | AD76: 0 | AE76: 0 | AF76: 0 | AG76: 0 | AH76: 0 | AI76: 0 | AJ76: 0 | AK76: 0 | AL76: 0 | AM76: 0 | AN76: 0 | AO76: 0 | AP76: 0 | AQ76: 0 | AR76: 0 | AS76: 0 | AT76: 0 | AU76: 0 | AV76: 0 | AW76: 0 | AX76: 0 | AY76: 0 | AZ76: 0 | BA76: 0 | BB76: 0 | BC76: 0 | BD76: =SUM(E76:BC76) -> 25000 | BG76: =E76 -> 0 | BH76: =SUM(F76:Q76) -> 0 | BI76: =SUM(R76:AC76) -> 25000 | BJ76: =SUM(AD76:AO76) -> 0 | BK76: =SUM(AP76:BA76) -> 0 | BL76: =SUM(BB76:BC76) -> 0 | BM76: =SUM(BG76:BL76) -> 25000
A77: Appraisals | E77: 0 | F77: 0 | G77: 0 | H77: 0 | I77: 0 | J77: 0 | K77: 0 | L77: 0 | M77: 0 | N77: 0 | O77: 0 | P77: 0 | Q77: 0 | R77: =13500/12 -> 1125 | S77: =13500/12 -> 1125 | T77: =13500/12 -> 1125 | U77: =13500/12 -> 1125 | V77: =13500/12 -> 1125 | W77: =13500/12 -> 1125 | X77: =13500/12 -> 1125 | Y77: =13500/12 -> 1125 | ... AC77: =13500/12 -> 1125 | AD77: 0 | AE77: 0 | AF77: 0 | AG77: 0 | AH77: 0 | AI77: 0 | AJ77: 0 | AK77: 0 | AL77: 0 | AM77: 0 | AN77: 0 | AO77: 0 | AP77: 0 | AQ77: 0 | AR77: 0 | AS77: 0 | AT77: 0 | AU77: 0 | AV77: 0 | AW77: 0 | AX77: 0 | AY77: 0 | AZ77: 0 | BA77: 0 | BB77: 0 | BC77: 0 | BD77: =SUM(E77:BC77) -> 13500 | BG77: =E77 -> 0 | BH77: =SUM(F77:Q77) -> 0 | BI77: =SUM(R77:AC77) -> 13500 | BJ77: =SUM(AD77:AO77) -> 0 | BK77: =SUM(AP77:BA77) -> 0 | BL77: =SUM(BB77:BC77) -> 0 | BM77: =SUM(BG77:BL77) -> 13500
A78: Utility Relocation/Service | E78: 0 | F78: 0 | G78: 0 | H78: 0 | I78: 0 | J78: 0 | K78: 0 | L78: 0 | M78: 0 | N78: 0 | O78: 0 | P78: 0 | Q78: 0 | R78: =100000/12/60*SUMMARY!$G$9 -> 12222.222 | S78: =100000/12/60*SUMMARY!$G$9 -> 12222.222 | T78: =100000/12/60*SUMMARY!$G$9 -> 12222.222 | U78: =100000/12/60*SUMMARY!$G$9 -> 12222.222 | V78: =100000/12/60*SUMMARY!$G$9 -> 12222.222 | W78: =100000/12/60*SUMMARY!$G$9 -> 12222.222 | X78: =100000/12/60*SUMMARY!$G$9 -> 12222.222 | Y78: =100000/12/60*SUMMARY!$G$9 -> 12222.222 | ... AC78: =100000/12/60*SUMMARY!$G$9 -> 12222.222 | AD78: 0 | AE78: 0 | AF78: 0 | AG78: 0 | AH78: 0 | AI78: 0 | AJ78: 0 | AK78: 0 | AL78: 0 | AM78: 0 | AN78: 0 | AO78: 0 | AP78: 0 | AQ78: 0 | AR78: 0 | AS78: 0 | AT78: 0 | AU78: 0 | AV78: 0 | AW78: 0 | AX78: 0 | AY78: 0 | AZ78: 0 | BA78: 0 | BB78: 0 | BC78: 0 | BD78: =SUM(E78:BC78) -> 146666.67 | BG78: =E78 -> 0 | BH78: =SUM(F78:Q78) -> 0 | BI78: =SUM(R78:AC78) -> 146666.67 | BJ78: =SUM(AD78:AO78) -> 0 | BK78: =SUM(AP78:BA78) -> 0 | BL78: =SUM(BB78:BC78) -> 0 | BM78: =SUM(BG78:BL78) -> 146666.67
A79: 0.1 | E79: 0 | F79: 0 | G79: 0 | H79: 0 | I79: 0 | J79: 0 | K79: 0 | L79: 0 | M79: 0 | N79: 0 | O79: 0 | P79: 0 | Q79: 0 | R79: =SUM(R68:R78)*$A$79 -> 7290.4669 | S79: =SUM(S68:S78)*$A$79 -> 7352.3197 | T79: =SUM(T68:T78)*$A$79 -> 8396.808 | U79: =SUM(U68:U78)*$A$79 -> 8347.7905 | V79: =SUM(V68:V78)*$A$79 -> 8347.7905 | W79: =SUM(W68:W78)*$A$79 -> 8347.7905 | X79: =SUM(X68:X78)*$A$79 -> 8409.6434 | Y79: =SUM(Y68:Y78)*$A$79 -> 8022.115 | ... AC79: =SUM(AC68:AC78)*$A$79 -> 8102.7817 | AD79: 0 | AE79: 0 | AF79: 0 | AG79: 0 | AH79: 0 | AI79: 0 | AJ79: 0 | AK79: 0 | AL79: 0 | AM79: 0 | AN79: 0 | AO79: 0 | AP79: 0 | AQ79: 0 | AR79: 0 | AS79: 0 | AT79: 0 | AU79: 0 | AV79: 0 | AW79: 0 | AX79: 0 | AY79: 0 | AZ79: 0 | BA79: 0 | BB79: 0 | BC79: 0 | BD79: =SUM(E79:BC79) -> 96845.185 | BG79: =E79 -> 0 | BH79: =SUM(F79:Q79) -> 0 | BI79: =SUM(R79:AC79) -> 96845.185 | BJ79: =SUM(AD79:AO79) -> 0 | BK79: =SUM(AP79:BA79) -> 0 | BL79: =SUM(BB79:BC79) -> 0 | BM79: =SUM(BG79:BL79) -> 96845.185
A80: Total Project Cost | E80: =SUM(E22:E79) -> 0 | F80: =SUM(F22:F79) -> 441145.83 | G80: =SUM(G22:G79) -> 83645.833 | H80: =SUM(H22:H79) -> 83645.833 | I80: =SUM(I22:I79) -> 540145.83 | J80: =SUM(J22:J79) -> 44645.833 | K80: =SUM(K22:K79) -> 33645.833 | L80: =SUM(L22:L79) -> 44645.833 | ... BC80: =SUM(BC22:BC79) -> 0 | BD80: =SUM(BD25:BD79) -> 11700500 | BG80: =E80 -> 0 | BH80: =SUM(F80:Q80) -> 1819250 | BI80: =SUM(R80:AC80) -> 9484309 | BJ80: =SUM(AD80:AO80) -> 315397.73 | BK80: =SUM(AP80:BA80) -> 81306.818 | BL80: =SUM(BB80:BC80) -> 236.74242 | BM80: =SUM(BG80:BL80) -> 11700500
A82: Net cash flow to Equity | E82: =+E19-E80 -> 0 | F82: =+F19-F80 -> -441145.83 | G82: =+G19-G80 -> -83645.833 | H82: =+H19-H80 -> -83645.833 | I82: =+I19-I80 -> -540145.83 | J82: =+J19-J80 -> -44645.833 | K82: =+K19-K80 -> -33645.833 | L82: =+L19-L80 -> -44645.833 | ... BD82: =+BD19-BD80 -> 21951707 | BG82: =E82 -> 0 | BH82: =SUM(F82:Q82) -> -1819250 | BI82: =SUM(R82:AC82) -> -9484309 | BJ82: =SUM(AD82:AO82) -> 22594559 | BK82: =SUM(AP82:BA82) -> 9120859.2 | BL82: =SUM(BB82:BC82) -> 1539848 | BM82: =SUM(BG82:BL82) -> 21951707
A84: Cumulative Cash Flow | E84: =+D84+E82 -> 0 | F84: =+E84+F82 -> -441145.83 | G84: =+F84+G82 -> -524791.67 | H84: =+G84+H82 -> -608437.5 | I84: =+H84+I82 -> -1148583.3 | J84: =+I84+J82 -> -1193229.2 | K84: =+J84+K82 -> -1226875 | L84: =+K84+L82 -> -1271520.8 | ... BC84: =+BB84+BC82 -> 21951707
C86: Per total acre | E86: per upland acre | F86: per total sq. ft. | G86: per upland sq. ft. | H86: Per Lot
A87: Land Value Pre-Entitlement | B87: =NPV(B88/12,E82:BC82) -> 10838160 | C87: =+B87/SUMMARY!$K$9 -> 265602.11 | E87: =+B87/SUMMARY!$K$11 -> 642223.26 | F87: =+B87/SUMMARY!$L$9 -> 6.0973855 | G87: =+B87/SUMMARY!$L$11 -> 14.743417 | H87: =+B87/SUMMARY!$G$9 -> 123160.91
A88: Discount Rate | B88: 0.2
A90: Land Value Post-Entitlement | B90: =NPV(B91/12,R90:BC90) -> 15441344 | C90: =+B90/SUMMARY!$K$9 -> 378408.67 | E90: =+B90/SUMMARY!$K$11 -> 914988.4 | F90: =+B90/SUMMARY!$L$9 -> 8.6870678 | G90: =+B90/SUMMARY!$L$11 -> 21.005243 | H90: =+B90/SUMMARY!$G$9 -> 175469.82 | R90: =R84 -> -2081052.7 | S90: =S82 -> -303718.31 | T90: =T82 -> -1011533.2 | U90: =U82 -> -978315.68 | V90: =V82 -> -978315.68 | W90: =W82 -> -978315.68 | X90: =X82 -> -1020231.3 | Y90: =Y82 -> -757616.23 | Z90: =Z82 -> -757616.23 | ... BC90: =BC82 -> 770042.37
A91: Discount Rate | B91: 0.15
BM92: =BM80-BD80 -> 0
G95: Land Value Pre-Entitlement - Sensitivity Analysis | N95: Land Value Post-Entitlement - Sensitivity Analysis
G96: Average Lot Price | N96: Average Lot Price
F97: =B87 -> 10838160 | G97: =$I$97*(1-0.2) -> 320000 | H97: =$I$97*(1-0.1) -> 360000 | I97: 400000 | J97: =$I$97*(1+0.1) -> 440000 | K97: =$I$97*(1+0.2) -> 480000 | M97: =B90 -> 15441344 | N97: =$I$97*(1-0.2) -> 320000 | O97: =$I$97*(1-0.1) -> 360000 | P97: 400000 | Q97: =$I$97*(1+0.1) -> 440000 | R97: =$I$97*(1+0.2) -> 480000
E98: Discount Rate | F98: =F99+0.02 -> 0.24 | G98: 5744010.1 | H98: 7491703.9 | I98: 9239397.8 | J98: 10987092 | K98: 12734785 | L98: Discount Rate | M98: =M99+0.02 -> 0.19 | N98: 8967389.8 | O98: 11413191 | P98: 13858992 | Q98: 16304793 | R98: 18750593
F99: =F100+0.02 -> 0.22 | G99: 6262074.4 | H99: 8104066.7 | I99: 9946058.9 | J99: 11788051 | K99: 13630043 | M99: =M100+0.02 -> 0.17 | N99: 9492836.2 | O99: 12017781 | P99: 14542725 | Q99: 17067669 | R99: 19592614
F100: 0.2 | G100: 6816497.1 | H100: 8758369.9 | I100: 10700243 | J100: 12642115 | K100: 14583988 | M100: 0.15 | N100: 10041687 | O100: 12648929 | P100: 15256171 | Q100: 17863413 | R100: 20470655
F101: =F100-0.02 -> 0.18 | G101: 7409844.1 | H101: 9457540.9 | I101: 11505238 | J101: 13552934 | K101: 15600631 | M101: =M100-0.02 -> 0.13 | N101: 10615095 | O101: 13307937 | P101: 16000780 | Q101: 18693623 | R101: 21386465
F102: =F101-0.02 -> 0.16 | G102: 8044870.3 | H102: 10204722 | I102: 12364573 | J102: 14524424 | K102: 16684276 | M102: =M101-0.02 -> 0.11 | N102: 11214274 | O102: 13996178 | P102: 16778082 | Q102: 19559987 | R102: 22341891

Sheet Lot Pricing Worksheet
A1: LAND ALLOCATION | B1: LOTS | C1: DIMENSIONS W x D | E1: SF | F1: Target Value per Lot | G1: Total 2027 Lot Value | H1: % of Land Value to Home Value | I1: Home Size | J1: Beds / Bath | K1: Cost to Build (PSF) | L1: Cost to Build per Home | M1: Total 2027 Build Value | N1: Target Value per Home (Lot + Build) | O1: Value per Home (PSF) | P1: Total 2027 Home Value
A2: Crescent Homes | B2: 8 | C2: 40 | D2: 70 | E2: 2800 | F2: 500000 | G2: =F2*B2 -> 4000000 | H2: =F2/N2 -> 0.33783784 | I2: 2800 | J2: 3 br, 3.5 bth | K2: 350 | L2: =K2*I2 -> 980000 | M2: =L2*B2 -> 7840000 | N2: =F2+L2 -> 1480000 | O2: =N2/I2 -> 528.57143 | P2: =N2*B2 -> 11840000
A3: Court Homes | B3: 6 | C3: 28 | D3: 40 | E3: 1120 | F3: 300000 | G3: =F3*B3 -> 1800000 | H3: =F3/N3 -> 0.36363636 | I3: 1500 | J3: 2 br, 2 bth | K3: 350 | L3: =K3*I3 -> 525000 | M3: =L3*B3 -> 3150000 | N3: =F3+L3 -> 825000 | O3: =N3/I3 -> 550 | P3: =N3*B3 -> 4950000
A4: Manor Homes | B4: 5 | C4: 60 | D4: 90 | E4: 5400 | F4: 600000 | G4: =F4*B4 -> 3000000 | H4: =F4/N4 -> 0.35608309 | I4: 3100 | J4: 4br, 4.5 bth | K4: 350 | L4: =K4*I4 -> 1085000 | M4: =L4*B4 -> 5425000 | N4: =F4+L4 -> 1685000 | O4: =N4/I4 -> 543.54839 | P4: =N4*B4 -> 8425000
A5: Big House Condo | B5: 12 | C5: - | D5: - | E5: - | F5: 225000 | G5: =F5*B5 -> 2700000 | H5: =F5/N5 -> 0.41666667 | I5: 900 | J5: 2 br, 1 bth | K5: 350 | L5: =K5*I5 -> 315000 | M5: =L5*B5 -> 3780000 | N5: =F5+L5 -> 540000 | O5: =N5/I5 -> 600 | P5: =N5*B5 -> 6480000
A6: Treehouses | B6: 4 | C6: 36 | D6: 36 | E6: 1296 | F6: 250000 | G6: =F6*B6 -> 1000000 | H6: =F6/N6 -> 0.39370079 | I6: 1100 | J6: 2br, 2 bth | K6: 350 | L6: =K6*I6 -> 385000 | M6: =L6*B6 -> 1540000 | N6: =F6+L6 -> 635000 | O6: =N6/I6 -> 577.27273 | P6: =N6*B6 -> 2540000
A7: Pool Bungalows | B7: 9 | C7: 28 | D7: 40 | E7: 1120 | F7: 300000 | G7: =F7*B7 -> 2700000 | H7: =F7/N7 -> 0.34883721 | I7: 1600 | J7: 2 br, 2.5 bth | K7: 350 | L7: =K7*I7 -> 560000 | M7: =L7*B7 -> 5040000 | N7: =F7+L7 -> 860000 | O7: =N7/I7 -> 537.5 | P7: =N7*B7 -> 7740000
A8: Lake Cottages (4 pack) | B8: 8 | C8: 46 | D8: 64 | E8: 2944 | F8: 450000 | G8: =F8*B8 -> 3600000 | H8: =F8/N8 -> 0.35363458 | I8: 2350 | J8: 3br, 3 bth | K8: 350 | L8: =K8*I8 -> 822500 | M8: =L8*B8 -> 6580000 | N8: =F8+L8 -> 1272500 | O8: =N8/I8 -> 541.48936 | P8: =N8*B8 -> 10180000
A9: Dune Homes | B9: 9 | C9: 55 | D9: 90 | E9: 4950 | F9: 400000 | G9: =F9*B9 -> 3600000 | H9: =F9/N9 -> 0.29739777 | I9: 2700 | J9: 3 br, 3.5 bth | K9: 350 | L9: =K9*I9 -> 945000 | M9: =L9*B9 -> 8505000 | N9: =F9+L9 -> 1345000 | O9: =N9/I9 -> 498.14815 | P9: =N9*B9 -> 12105000
A10: Lake Cottages (6 pack) | B10: 24 | C10: 46 | D10: 64 | E10: 2944 | F10: 450000 | G10: =F10*B10 -> 10800000 | H10: =F10/N10 -> 0.37974684 | I10: 2100 | J10: 3 br, 2 bth | K10: 350 | L10: =K10*I10 -> 735000 | M10: =L10*B10 -> 17640000 | N10: =F10+L10 -> 1185000 | O10: =N10/I10 -> 564.28571 | P10: =N10*B10 -> 28440000
A11: Forest Homes | B11: 3 | C11: 90 | D11: 100 | E11: 9000 | F11: 750000 | G11: =F11*B11 -> 2250000 | H11: =F11/N11 -> 0.37313433 | I11: 3600 | J11: 5 br, 5.5 bth | K11: 350 | L11: =K11*I11 -> 1260000 | M11: =L11*B11 -> 3780000 | N11: =F11+L11 -> 2010000 | O11: =N11/I11 -> 558.33333 | P11: =N11*B11 -> 6030000
B12: 88 | G12: =SUM(G2:G11) -> 35450000 | M12: =SUM(M2:M11) -> 63280000 | P12: =SUM(P2:P11) -> 98730000

Sheet Lot Pricing
A1: Lake Kai
A3: Lot Number | B3: Unit Type | C3: Price | E3: Profit Anlaysis Summary
A4: 1 | B4: Crescent Homes | C4: ='Lot Pricing Worksheet'!F2 -> 500000
A5: 2 | B5: Crescent Homes | C5: =$C$4 -> 500000 | E5: SOURCES | J5: Per Lot
A6: 3 | B6: Crescent Homes | C6: =$C$4 -> 500000 | E6: Gross Lot Sales Proceeds | H6: =Proforma!BD17 -> 35800221 | J6: =H6/SUMMARY!$G$9 -> 406820.69
A7: 4 | B7: Crescent Homes | C7: =$C$4 -> 500000 | E7: 0.06 | H7: =Proforma!BD18 -> -2148013.3 | J7: =H7/SUMMARY!$G$9 -> -24409.242
A8: 5 | B8: Crescent Homes | C8: =$C$4 -> 500000 | E8: Net Sales Proceeds | H8: =H6+H7 -> 33652208 | J8: =SUM(J6:J7) -> 382411.45
A9: 6 | B9: Crescent Homes | C9: =$C$4 -> 500000
A10: 7 | B10: Crescent Homes | C10: =$C$4 -> 500000 | E10: USES
A11: 8 | B11: Crescent Homes | C11: =$C$4 -> 500000 | E11: Site Acquisition (Month 1 and 13) | H11: =Proforma!BD22 -> 0 | J11: =H11/SUMMARY!$G$9 -> 0
A12: 9 | B12: Court Homes | C12: ='Lot Pricing Worksheet'!F3 -> 300000 | E12: 0.04 | H12: =Proforma!BD23 -> 0 | J12: =H12/SUMMARY!$G$9 -> 0
A13: 10 | B13: Court Homes | C13: =$C$12 -> 300000 | E13: 0.03 | H13: =Proforma!BD24 -> 0 | J13: =H13/SUMMARY!$G$9 -> 0
A14: 11 | B14: Court Homes | C14: =$C$12 -> 300000 | E14: Developer Fee ($600k -- 4% of TDC) | H14: =Proforma!BD25 -> 600000 | J14: =H14/SUMMARY!$G$9 -> 6818.1818
A15: 12 | B15: Court Homes | C15: =$C$12 -> 300000 | E15: Entitlement | H15: =SUM(Proforma!BD27:BD50) -> 1435500 | J15: =H15/SUMMARY!$G$9 -> 16312.5
A16: 13 | B16: Court Homes | C16: =$C$12 -> 300000 | E16: Hard Costs | H16: =SUM(Proforma!BD52:BD66) -> 8219011.9 | J16: =H16/SUMMARY!$G$9 -> 93397.863
A17: 14 | B17: Court Homes | C17: =$C$12 -> 300000 | E17: Soft Costs | H17: =SUM(Proforma!BD68:BD79) -> 1445988.3 | J17: =H17/SUMMARY!$G$9 -> 16431.685
A18: 15 | B18: Manor Homes | C18: ='Lot Pricing Worksheet'!F4 -> 600000 | E18: Subtotal Costs | H18: =SUM(H14:H17) -> 11700500 | J18: =SUM(J14:J17) -> 132960.23
A19: 16 | B19: Manor Homes | C19: =$C$18 -> 600000
A20: 17 | B20: Manor Homes | C20: =$C$18 -> 600000 | E20: Net Cash Flow to Equity | H20: =H8-H18 -> 21951707 | J20: =H20/SUMMARY!$G$9 -> 249451.22
A21: 18 | B21: Manor Homes | C21: =$C$18 -> 600000
A22: 19 | B22: Manor Homes | C22: =$C$18 -> 600000 | E22: Profit Margin | H22: =H20/H8 -> 0.65231107
A23: 20 | B23: Big House Rental | C23: ='Lot Pricing Worksheet'!F5 -> 225000 | E23: Peak Equity | H23: =-MIN(Proforma!F84:BC84) -> 11303559
A24: 21 | B24: Big House Rental | C24: =$C$23 -> 225000 | E24: Multiple | H24: =(H23+H20)/H23 -> 2.9420173
A25: 22 | B25: Big House Rental | C25: =$C$23 -> 225000
A26: 23 | B26: Big House Rental | C26: =$C$23 -> 225000
A27: 24 | B27: Big House Rental | C27: =$C$23 -> 225000
A28: 25 | B28: Big House Rental | C28: =$C$23 -> 225000
A29: 26 | B29: Big House Rental | C29: =$C$23 -> 225000
A30: 27 | B30: Big House Rental | C30: =$C$23 -> 225000 | M30: Lake Kai - Lake Front - Analysis
A31: 28 | B31: Big House Rental | C31: =$C$23 -> 225000 | M31: Home Sale Price | N31: 2000000 | T31: =N31/R32 -> 533.33333
A32: 29 | B32: Big House Rental | C32: =$C$23 -> 225000 | M32: Home Construction Cost | N32: 1300000 | O32: =N32/N31 -> 0.65 | Q32: Home Size | R32: 3750 | S32: SF | T32: =N32/R32 -> 346.66667
A33: 30 | B33: Big House Rental | C33: =$C$23 -> 225000 | M33: Inferred Land Value | N33: =N31-N32 -> 700000 | O33: =N33/N31 -> 0.35
A34: 31 | B34: Big House Rental | C34: =$C$23 -> 225000 | M34: Builder Risk Discount | N34: =N33*-O34 -> -140000 | O34: 0.2
A35: 32 | B35: Tree houses | C35: ='Lot Pricing Worksheet'!F6 -> 250000 | M35: Retail Lot Sale Price | N35: =N33+N34 -> 560000
A36: 33 | B36: Tree houses | C36: =$C$35 -> 250000
A37: 34 | B37: Tree houses | C37: =$C$35 -> 250000 | M37: Lake Kai - Interior Lot - Analysis
A38: 35 | B38: Tree houses | C38: =$C$35 -> 250000 | M38: Home Sale Price | N38: 1300000 | T38: =N38/R39 -> 464.28571
A39: 36 | B39: Pool Bungalows | C39: ='Lot Pricing Worksheet'!F7 -> 300000 | M39: Home Construction Cost | N39: 900000 | O39: =N39/N38 -> 0.69230769 | Q39: Home Size | R39: 2800 | S39: SF | T39: =N39/R39 -> 321.42857
A40: 37 | B40: Pool Bungalows | C40: =$C$39 -> 300000 | M40: Inferred Land Value | N40: =N38-N39 -> 400000 | O40: =N40/N38 -> 0.30769231
A41: 38 | B41: Pool Bungalows | C41: =$C$39 -> 300000 | M41: Builder Risk Discount | N41: =N40*-O41 -> -80000 | O41: 0.2
A42: 39 | B42: Pool Bungalows | C42: =$C$39 -> 300000 | M42: Retail Lot Sale Price | N42: =N40+N41 -> 320000
A43: 40 | B43: Pool Bungalows | C43: =$C$39 -> 300000
A44: 41 | B44: Pool Bungalows | C44: =$C$39 -> 300000 | M44: Avanterra Analysis
A45: 42 | B45: Pool Bungalows | C45: =$C$39 -> 300000 | M45: Home Sale Price | N45: 1250000
A46: 43 | B46: Pool Bungalows | C46: =$C$39 -> 300000 | M46: Home Construction Cost | N46: =882000+30000 -> 912000 | O46: =N46/N45 -> 0.7296 | Q46: Home Size | R46: 3031 | S46: SF | T46: =N46/R46 -> 300.8908
A47: 44 | B47: Pool Bungalows | C47: =$C$39 -> 300000 | M47: Inferred Land Value | N47: =N45-N46 -> 338000 | O47: =N47/N45 -> 0.2704
A48: 45 | B48: Lake Cottages | C48: ='Lot Pricing Worksheet'!F8 -> 450000 | M48: Builder Risk Discount | N48: =N47*-O48 -> -67600 | O48: 0.2
A49: 46 | B49: Lake Cottages | C49: =$C$48 -> 450000 | M49: Retail Lot Sale Price | N49: =N47+N48 -> 270400
A50: 47 | B50: Lake Cottages | C50: =$C$48 -> 450000
A51: 48 | B51: Lake Cottages | C51: =$C$48 -> 450000
A52: 49 | B52: Lake Cottages | C52: =$C$48 -> 450000
A53: 50 | B53: Lake Cottages | C53: =$C$48 -> 450000
A54: 51 | B54: Lake Cottages | C54: =$C$48 -> 450000
A55: 52 | B55: Lake Cottages | C55: =$C$48 -> 450000
A56: 53 | B56: Dune Homes | C56: ='Lot Pricing Worksheet'!F9 -> 400000
A57: 54 | B57: Dune Homes | C57: =$C$56 -> 400000
A58: 55 | B58: Dune Homes | C58: =$C$56 -> 400000
A59: 56 | B59: Dune Homes | C59: =$C$56 -> 400000
A60: 57 | B60: Dune Homes | C60: =$C$56 -> 400000
A61: 58 | B61: Dune Homes | C61: =$C$56 -> 400000
A62: 59 | B62: Dune Homes | C62: =$C$56 -> 400000
A63: 60 | B63: Dune Homes | C63: =$C$56 -> 400000
A64: 61 | B64: Dune Homes | C64: =$C$56 -> 400000
A65: 62 | B65: Lake Cottages | C65: ='Lot Pricing Worksheet'!F10 -> 450000
A66: 63 | B66: Lake Cottages | C66: =$C$65 -> 450000
A67: 64 | B67: Lake Cottages | C67: =$C$65 -> 450000
A68: 65 | B68: Lake Cottages | C68: =$C$65 -> 450000
A69: 66 | B69: Lake Cottages | C69: =$C$65 -> 450000
A70: 67 | B70: Lake Cottages | C70: =$C$65 -> 450000
A71: 68 | B71: Lake Cottages | C71: =$C$65 -> 450000
A72: 69 | B72: Lake Cottages | C72: =$C$65 -> 450000
A73: 70 | B73: Lake Cottages | C73: =$C$65 -> 450000
A74: 71 | B74: Lake Cottages | C74: =$C$65 -> 450000
A75: 72 | B75: Lake Cottages | C75: =$C$65 -> 450000
A76: 73 | B76: Lake Cottages | C76: =$C$65 -> 450000
A77: 74 | B77: Lake Cottages | C77: =$C$65 -> 450000
... A88: 85 | B88: Lake Cottages | C88: =$C$65 -> 450000
A89: 86 | B89: Forest Homes | C89: ='Lot Pricing Worksheet'!F11 -> 750000
A90: 87 | B90: Forest Homes | C90: =C89 -> 750000
A91: 88 | B91: Forest Homes | C91: =C89 -> 750000
C92: =SUM(C4:C91) -> 35450000
A93: Average | C93: =AVERAGE(C4:C91) -> 402840.91

Sheet Land Comps
A1: Address | B1: City | C1: State | D1: Date Sold | E1: Sales Price | F1: Lot Area (SF) | G1: Price PSF | H1: Lakefront Property | I1: Lake Michigan Lakefront Property | J1: Notes | K1: Beacon Link
A2: 1526 Lakeshore Dr | B2: Michigan City | C2: IN | D2: For Sale | E2: 1200000 | F2: 4829 | G2: =E2/F2 -> 248.49865 | H2: Yes | I2: Yes | J2: Located on Lake Michigan. Being marketed as a teardown. Asking price is $1.2M. | K2: Beacon - LaPorte County, IN - Report: 460121254004000022
A3: 408 Beachwalk Ln. | B3: Michigan City | C3: IN | D3: 45142 | E3: 350000 | F3: =38*115 -> 4370 | G3: =E3/F3 -> 80.091533 | H3: Yes | I3: No | J3: Entitled land purchase. Beachwalk neighborhood - amenities. Lakefront lot. | K3: Beacon - LaPorte County, IN - Report: 460121476078000022
A4: 3873 Lake Shore Dr. | B4: New Buffalo | C4: MI | D4: 44803 | E4: 2150000 | F4: 14348 | G4: =E4/F4 -> 149.84667 | H4: Yes | I4: Yes | J4: Entitled land purchase. Located on Lake Michigan. | K4: Beacon - Berrien County, MI - Map
A5: 1612 Lakeshore Dr. | B5: Michigan City | C5: IN | D5: 44595 | E5: 2100000 | F5: 9665 | G5: =E5/F5 -> 217.27884 | H5: Yes | I5: Yes | J5: Located on lake Michigan. Purchased with home; structure demolished and sale reflects land value. | K5: Beacon - LaPorte County, IN - Report: 460121227003000022
A6: Lake Shore Dr. | B6: New Buffalo | C6: MI | D6: 44329 | E6: 1695000 | F6: 8015 | G6: =E6/F6 -> 211.47848 | H6: Yes | I6: Yes | J6: Entitled land purchase. Located on Lake Michigan. | K6: Beacon - Berrien County, MI - Map
A7: Lakefront Lots - Average | E7: =AVERAGE(E2:E6) -> 1499000 | F7: =AVERAGE(F2:F6) -> 8245.4 | G7: =AVERAGE(G2:G6) -> 181.43883
A8: Address | B8: City | C8: State | D8: Date Sold | E8: Sales Price | F8: Lot Area (SF) | G8: Price PSF | H8: Lakefront Property | I8: Lake Michigan Lakefront Property | J8: Notes | K8: Beacon Link
A9: Camp Court | B9: Michigan City | C9: IN | D9: 46024 | E9: 35000 | F9: =38*39 -> 1482 | G9: =E9/F9 -> 23.616734 | H9: No | I9: No | J9: Entitled land purchase. Beachwalk neighborhood - amenities. | K9: Beacon - LaPorte County, IN - Report: 460121476067000022
A10: Cottage Camp | B10: Michigan City | C10: IN | D10: 46022 | E10: 60000 | F10: =38*39 -> 1482 | G10: =E10/F10 -> 40.48583 | H10: No | I10: No | J10: Entitled land purchase. Beachwalk neighborhood - amenities. | K10: Beacon - LaPorte County, IN - Report: 460121476063000022
A11: Lakeshore Dr | B11: Michigan City | C11: IN | D11: 46017 | E11: 200000 | F11: =0.132*43560 -> 5749.92 | G11: =E11/F11 -> 34.783093 | H11: No | I11: No | J11: Entitled land purchase. | K11: Beacon - LaPorte County, IN - Report: 460121314057000022
A12: Cottage Camp | B12: Michigan City | C12: IN | D12: 46006 | E12: 60000 | F12: =38*39 -> 1482 | G12: =E12/F12 -> 40.48583 | H12: No | I12: No | J12: Entitled land purchase. Beachwalk neighborhood - amenities. | K12: Beacon - LaPorte County, IN - Report: 460121476066000022
A13: Cottage Camp | B13: Michigan City | C13: IN | D13: 45982 | E13: 60000 | F13: =38*39 -> 1482 | G13: =E13/F13 -> 40.48583 | H13: No | I13: No | J13: Entitled land purchase. Beachwalk neighborhood - amenities. | K13: Beacon - LaPorte County, IN - Report: 460121476064000022
A14: 816 Washington Park Blvd. | B14: Michigan City | C14: IN | D14: 45978 | E14: 249000 | F14: =0.175*43560 -> 7623 | G14: =E14/F14 -> 32.664305 | H14: No | I14: No | J14: Entitled land purchase. Beachwalk neighborhood - amenities. | K14: Beacon - LaPorte County, IN - Report: 460121476117000022
A15: Cottage Camp | B15: Michigan City | C15: IN | D15: 45974 | E15: 60000 | F15: =38*39 -> 1482 | G15: =E15/F15 -> 40.48583 | H15: No | I15: No | J15: Entitled land purchase. Beachwalk neighborhood - amenities. | K15: Beacon - LaPorte County, IN - Report: 460121476065000022
A16: 818 Washington Park Blvd. | B16: Michigan City | C16: IN | D16: 45968 | E16: 247500 | F16: =0.2*43560 -> 8712 | G16: =E16/F16 -> 28.409091 | H16: No | I16: No | J16: Entitled land purchase. Beachwalk neighborhood - amenities. | K16: Beacon - LaPorte County, IN - Report: 460121476118000022
A17: 814 Washington Park Blvd. | B17: Michigan City | C17: IN | D17: 45954 | E17: 226000 | F17: =0.139*43560 -> 6054.84 | G17: =E17/F17 -> 37.325511 | H17: No | I17: No | J17: Entitled land purchase. Beachwalk neighborhood - amenities. | K17: Beacon - LaPorte County, IN - Report: 460121476116000022
A18: 10597 Marquette Dr | B18: Union Pier | C18: MI | D18: 45862 | E18: 525000 | F18: 11666 | G18: =E18/F18 -> 45.002572 | H18: No | I18: No | J18: Entitled land purchase. | K18: Beacon - Berrien County, MI - Report: 11-13-5750-0005-00-3
A19: 105 Emma Ln. | B19: Michigan City | C19: IN | D19: 45621 | E19: 150000 | F19: =0.068*43560 -> 2962.08 | G19: =E19/F19 -> 50.640091 | H19: No | I19: No | J19: Entitled land purchase. Beachwalk neighborhood - amenities. | K19: Beacon - LaPorte County, IN - Report: 460121476026000022
A20: 106 Matt Ln. | B20: Michigan City | C20: IN | D20: 45589 | E20: 240000 | F20: =49*60 -> 2940 | G20: =E20/F20 -> 81.632653 | H20: No | I20: No | J20: Entitled land purchase. Beachwalk neighborhood - amenities. | K20: Beacon - LaPorte County, IN - Report: 460121476023000022
A21: 1417 Lakeshore Dr. | B21: Long Beach | C21: IN | D21: 45446 | E21: 290000 | F21: =0.2961*43560 -> 12898.116 | G21: =E21/F21 -> 22.483904 | H21: No | I21: No | J21: Entitled land purchase. | K21: Beacon - LaPorte County, IN - Report: 460122105010000023
A22: 101 Whisper Dunes Dr. | B22: Michigan City | C22: IN | D22: 45406 | E22: 325000 | F22: =37080 -> 37080 | G22: =E22/F22 -> 8.7648328 | H22: No | I22: No | J22: Entitled land purchase. Whisper Dunes neighborhood - No neighborhood amenities. | K22: Beacon - LaPorte County, IN - Report: 460121426126000022
A23: 1409 Lakeshore Dr. | B23: Long Beach | C23: IN | D23: 44735 | E23: 300000 | F23: =0.2961*43560 -> 12898.116 | G23: =E23/F23 -> 23.259211 | H23: No | I23: No | J23: Entitled land purchase. | K23: Beacon - LaPorte County, IN - Report: 460122105005000023
A24: 18801 Leonard Ct. | B24: New Buffalo | C24: MI | D24: 44701 | E24: 1285500 | F24: 17912 | G24: =E24/F24 -> 71.76753 | H24: No | I24: No | J24: Entitled land purchase. | K24: Beacon - Berrien County, MI - Map
A25: 103 Whisper Dunes Dr. | B25: Michigan City | C25: IN | D25: 44358 | E25: 245000 | F25: 33729 | G25: =E25/F25 -> 7.2637789 | H25: No | I25: No | J25: Entitled land purchase. Whisper Dunes neighborhood - No neighborhood amenities. | K25: Beacon - LaPorte County, IN - Report: 460121426127000022
A26: 105 Whisper Dunes Dr. | B26: Michigan City | C26: IN | D26: 44076 | E26: 235000 | F26: =0.82*43560 -> 35719.2 | G26: =E26/F26 -> 6.5790947 | H26: No | I26: No | J26: Entitled land purchase. Whisper Dunes neighborhood - No neighborhood amenities. | K26: Beacon - LaPorte County, IN - Report: 460121426128000022
A27: 108 Whisper Dunes Dr. | B27: Michigan City | C27: IN | D27: 44099 | E27: 245000 | F27: =0.55*43560 -> 23958 | G27: =E27/F27 -> 10.226229 | H27: No | I27: No | J27: Entitled land purchase. Whisper Dunes neighborhood - No neighborhood amenities. | K27: Beacon - LaPorte County, IN - Report: 460121426134000022
A28: 102 Whisper Dunes Dr. | B28: Michigan City | C28: IN | D28: 44071 | E28: 240000 | F28: 32802 | G28: =E28/F28 -> 7.316627 | H28: No | I28: No | J28: Entitled land purchase. Whisper Dunes neighborhood - No neighborhood amenities. | K28: Beacon - LaPorte County, IN - Report: 460121426131000022
A29: 110 Whisper Dunes Dr. | B29: Michigan City | C29: IN | D29: 44067 | E29: 245000 | F29: 44606 | G29: =E29/F29 -> 5.4925346 | H29: No | I29: No | J29: Entitled land purchase. Whisper Dunes neighborhood - No neighborhood amenities. | K29: Beacon - LaPorte County, IN - Report: 460121426135000022
A30: 107 Whisper Dunes Dr. | B30: Michigan City | C30: IN | D30: 44062 | E30: 250000 | F30: =0.97*43560 -> 42253.2 | G30: =E30/F30 -> 5.9167116 | H30: No | I30: No | J30: Entitled land purchase. Whisper Dunes neighborhood - No neighborhood amenities. | K30: Beacon - LaPorte County, IN - Report: 460121426129000022
A31: 106 Whisper Dunes Dr. | B31: Michigan City | C31: IN | D31: 43336 | E31: 235000 | F31: =0.6*43560 -> 26136 | G31: =E31/F31 -> 8.9914294 | H31: No | I31: No | J31: Entitled land purchase. Whisper Dunes neighborhood - No neighborhood amenities. | K31: Beacon - LaPorte County, IN - Report: 460121426133000022
A32: 104 Whisper Dunes Dr. | B32: Michigan City | C32: IN | D32: 43330 | E32: 235000 | F32: =0.67*43560 -> 29185.2 | G32: =E32/F32 -> 8.0520264 | H32: No | I32: No | J32: Entitled land purchase. Whisper Dunes neighborhood - No neighborhood amenities. | K32: Beacon - LaPorte County, IN - Report: 460121426132000022
A33: 100 Whisper Dunes Dr. | B33: Michigan City | C33: IN | D33: 43230 | E33: 399000 | F33: =1.943*43560 -> 84637.08 | G33: =E33/F33 -> 4.7142458 | H33: No | I33: No | J33: Entitled land purchase. Whisper Dunes neighborhood - No neighborhood amenities. | K33: Beacon - LaPorte County, IN - Report: 460121426130000022
A34: Non-Lakefront Lots - Average | E34: =AVERAGE(E9:E33) -> 265680 | F34: =AVERAGE(F9:F33) -> 19477.27 | G34: =AVERAGE(G9:G33) -> 27.473821
A36: AVERAGE | E36: =AVERAGE(E2:E6,E9:E33) -> 471233.33 | F36: =AVERAGE(F2:F6,F9:F33) -> 17605.292 | G36: =AVERAGE(G2:G6,G9:G33) -> 53.134657
A39: Bulk Washington Park Blvd. | B39: Michigan City | C39: IN | D39: 44448 | E39: 400000 | H39: No | I39: No | J39: Vacant unentitled land | K39: Beacon - LaPorte County, IN - Report: 460121476118000022
E40: Acres | F40: 2.71 | G40: =+E39/F40 -> 147601.48
E41: sq. ft. | F41: =+F40*43560 -> 118047.6 | G41: =+E39/F41 -> 3.3884636
E42: Lots | F42: 14 | G42: =+E39/F42 -> 28571.429

Sheet SFH Comps
A1: Lake Kai PUD Comps
A2: Address | B2: City | C2: State | D2: Date Sold | E2: Sales Price | F2: Lot Acreage | G2: Price per Land SF | H2: SF | I2: Price Per SF | J2: Lakefront Property | K2: Lake Michigan Lakefront Property | L2: Year Built | M2: Notes
A3: 204 Mary Ln. | B3: Michigan City | C3: IN | D3: For Sale | E3: 889900 | F3: =2927/43560 -> 0.067194674 | G3: =E3/(F3*43560) -> 304.03143 | H3: 2532 | I3: =E3/H3 -> 351.4613 | J3: No | K3: No | L3: 2017 | M3: 5 bed / 4 bath. Located in Beachwalk neigborhood.
A4: 810 Washington Park Blvd. | B4: Michigan City | C4: IN | D4: 46218 | E4: 985000 | F4: =5629/43560 -> 0.12922406 | G4: =E4/(F4*43560) -> 174.98668 | H4: 2775 | I4: =E4/H4 -> 354.95495 | J4: No | K4: No | L4: 2025 | M4: 5 bed / 3 bath. Beachwood neighborhood. Uses Beachwalk amenities. 0.2 miles from Lakefront.
A5: 328 Beachwalk Ln. | B5: Michigan City | C5: IN | D5: 46175 | E5: 1150000 | F5: 0.33 | G5: =E5/(F5*43560) -> 80.001113 | H5: 2504 | I5: =E5/H5 -> 459.26518 | J5: Yes | K5: No | L5: 2018 | M5: 4 bed / 3 bath. Lakefront property in Beachwalk neighborhood.
A6: 420 Beachwalk Ln. | B6: Michigan City | C6: IN | D6: 46128 | E6: 1400000 | F6: =4140/43560 -> 0.095041322 | G6: =E6/(F6*43560) -> 338.16425 | H6: 3139 | I6: =E6/H6 -> 446.00191 | J6: Yes | K6: No | L6: 2013 | M6: 4 bed / 4.5 bath. Located in Beachwalk neighborhood.
A7: 212 Beachwalk Ln. | B7: Michigan City | C7: IN | D7: 46113 | E7: 675000 | F7: =2047/43560 -> 0.046992654 | G7: =E7/(F7*43560) -> 329.75085 | H7: 1408 | I7: =E7/H7 -> 479.40341 | J7: Yes | K7: No | L7: 2006 | M7: 3 bed / 3 bath. Located in Beachwalk neighborhood.
A8: 812 Washington Park Blvd. | B8: Michigan City | C8: IN | D8: 46024 | E8: 895000 | F8: =5845/43560 -> 0.13418274 | G8: =E8/(F8*43560) -> 153.12233 | H8: 2500 | I8: =E8/H8 -> 358 | J8: No | K8: No | L8: 2025 | M8: 5 bed / 3.5 bath. Beachwood neighborhood. Uses Beachwalk amenities. 0.2 miles from Lakefront.
A9: 307 Childers Ln. | B9: Michigan City | C9: IN | D9: 45903 | E9: 906500 | F9: =5203/43560 -> 0.11944444 | G9: =E9/(F9*43560) -> 174.22641 | H9: 2283 | I9: =E9/H9 -> 397.06527 | J9: No | K9: No | L9: 2005 | M9: 5 bed / 5 bath. Located in Beachwalk neighborhood.
A10: 205 Beachwalk Ln. | B10: Michigan City | C10: IN | D10: 45805 | E10: 850000 | F10: =5750/43560 -> 0.13200184 | G10: =E10/(F10*43560) -> 147.82609 | H10: 3359 | I10: =E10/H10 -> 253.0515 | J10: No | K10: No | L10: 2001 | M10: 6 bed / 5 bath. Beachwalk neighborhood. 1 block from lakefront.
A11: 108 Beachwalk Ln. | B11: Michigan City | C11: IN | D11: 45774 | E11: 790000 | F11: =5000/43560 -> 0.11478421 | G11: =E11/(F11*43560) -> 158 | H11: 1728 | I11: =E11/H11 -> 457.17593 | J11: No | K11: No | L11: 1993 | M11: 3 bed / 3 bath. Located in Beachwalk neighborhood.
A12: 212 Mary Ln. | B12: Michigan City | C12: IN | D12: 45649 | E12: 875000 | F12: 0.068 | G12: =E12/(F12*43560) -> 295.40053 | H12: 2925 | I12: =E12/H12 -> 299.1453 | J12: No | K12: No | L12: 2020 | M12: 6 bed / 4.5 bath. Beachwalk neighborhood. 4 blocks from lakefront.
A13: 213 Beachwalk Ln. | B13: Michigan City | C13: IN | D13: 45635 | E13: 820000 | F13: =6448/43560 -> 0.14802571 | G13: =E13/(F13*43560) -> 127.17122 | H13: =E13/353 -> 2322.9462 | I13: =E13/H13 -> 353 | J13: No | K13: No | L13: 1997 | M13: 6 bed / 5 bath. Beachwalk neighborhood. 1 block from lakefront.
A14: 128 Childers Ln. | B14: Michigan City | C14: IN | D14: 45527 | E14: 940000 | F14: =5152/43560 -> 0.11827365 | G14: =E14/(F14*43560) -> 182.45342 | H14: 2962 | I14: =E14/H14 -> 317.35314 | J14: No | K14: No | L14: 2019 | M14: 5 bed / 4 bath. Located in Beachwalk neigborhood.
A15: 218 Beackwalk Ln. | B15: Michigan City | C15: IN | D15: 45170 | E15: 879900 | F15: 0.117 | G15: =E15/(F15*43560) -> 172.64722 | H15: 1776 | I15: =E15/H15 -> 495.43919 | J15: Yes | K15: No | L15: 1997 | M15: 4 bed / 3 bath. Lakefront property in Beachwalk neighborhood.
A16: 400 Beachwalk Ln. | B16: Michigan City | C16: IN | D16: 45002 | E16: 769000 | F16: 0.097 | G16: =E16/(F16*43560) -> 181.99805 | H16: 1746 | I16: =E16/H16 -> 440.43528 | J16: Yes | K16: No | L16: 2006 | M16: 4 bed / 4 bath. Lakefront property in Beachwalk neighborhood.
A17: 322 Beachwalk Ln. | B17: Michigan City | C17: IN | D17: 44775 | E17: 799000 | F17: 0.097 | G17: =E17/(F17*43560) -> 189.0981 | H17: 1790 | I17: =E17/H17 -> 446.36872 | J17: Yes | K17: No | L17: 2002 | M17: 4 bed / 4 bath. Lakefront property in Beachwalk neighborhood.
A18: Average | E18: =AVERAGE(E3:E17) -> 908286.67 | F18: =AVERAGE(F3:F17) -> 0.12094435 | G18: =AVERAGE(G3:G17) -> 200.59185 | H18: =AVERAGE(H3:H17) -> 2383.3297 | I18: =AVERAGE(I3:I17) -> 393.87474 | L18: =AVERAGE(L3:L17) -> 2009.6
A20: Local Comps
A21: Address | B21: City | C21: State | D21: Date Sold | E21: Sales Price | F21: Lot Acreage | H21: SF | I21: Price Per SF | J21: Lakefront Property | K21: Lake Michigan Lakefront Property | L21: Year Built | M21: Notes
A22: 1209 Lakeshore Dr. | B22: Michigan City | C22: IN | D22: 46163 | E22: 1515000 | F22: =8002/43560 -> 0.18370064 | H22: 4784 | I22: =E22/H22 -> 316.6806 | J22: No | K22: No | L22: 1997 | M22: 3 bed / 4 bath. Located south of Lake Shore Drive on Lake Michigan.
A23: 107 Whisper Dunes Dr. | B23: Michigan City | C23: IN | D23: 46129 | E23: 3010000 | F23: 0.87 | H23: 6340 | I23: =E23/H23 -> 474.76341 | J23: No | K23: No | L23: 2022 | M23: 5 bed / 4.5 bath. Located in Whisper Dunes neighborhood. No amenities.
A24: 905 Colfax Ave. | B24: Michigan City | C24: IN | D24: 46020 | E24: 1015000 | F24: =4166/43560 -> 0.0956382 | H24: 1352 | I24: =E24/H24 -> 750.73964 | J24: Yes | K24: Yes | L24: 1929 | M24: 3 bed / 2 bath. Sheridan Beach neighborhood. Located on Lake Michigan.
A25: 118 N Lake Ave. | B25: Michigan City | C25: IN | D25: 45961 | E25: 1065000 | F25: =3376/43560 -> 0.077502296 | H25: 2706 | I25: =E25/H25 -> 393.56984 | J25: No | K25: No | L25: 1960 | M25: 6 bed / 4 bath. No amenities; four houses in from Lake Michigan beachfront.
A26: 102 Whisper Dunes Dr. | B26: Michigan City | C26: IN | D26: 45959 | E26: 1350000 | F26: 0.75 | H26: 2818 | I26: =E26/H26 -> 479.06317 | J26: No | K26: No | L26: 2021 | M26: 4 bed / 3 bath. Located in Whisper Dunes neighborhood. No amenities.
A27: 1852 Lakeshore Dr. | B27: Michigan City | C27: IN | D27: 45898 | E27: 2150000 | F27: =4800/43560 -> 0.11019284 | H27: 3300 | I27: =E27/H27 -> 651.51515 | J27: Yes | K27: Yes | L27: 1990 | M27: 4 bed / 3.5 bath. Located on Lake Michigan.
A28: 1705 Lake Shore Dr. | B28: Long Beach | C28: IN | D28: 45874 | E28: 1750000 | F28: 0.46 | H28: 4406 | I28: =E28/H28 -> 397.18566 | J28: No | K28: No | L28: 1989 | M28: 5 bed / 3.5 bath. Located south of Lake Michigan along Lake Shore Drive.
A29: 508 Colfax Ave. | B29: Michigan City | C29: IN | D29: 45730 | E29: 1250000 | F29: =7840/43560 -> 0.17998163 | H29: 2166 | I29: =E29/H29 -> 577.10065 | J29: Yes | K29: Yes | L29: 1939 | M29: 3 bed / 2 bath. Sheridan Beach neighborhood. Located on Lake Michigan.
A30: 209 Louisiana Ave. | B30: Michigan City | C30: IN | D30: 45583 | E30: 2595000 | F30: =5775/43560 -> 0.13257576 | H30: 3024 | I30: =E30/H30 -> 858.13492 | J30: Yes | K30: Yes | L30: 1987 | M30: 4 bed / 4.5 bath. Sheridan Beach neighborhood. Located on Lake Michigan.
A31: 1514 Lake Shore Dr. | B31: Long Beach | C31: IN | D31: 45555 | E31: 2000000 | F31: =7200/43560 -> 0.16528926 | H31: 3503 | I31: =E31/H31 -> 570.93919 | J31: Yes | K31: Yes | L31: 1980 | M31: 5 bed / 3.5 bath. Located in the Sheridan Beach neighborhood. Located on Lake Michigan.
A32: 2228 Lake Shore Dr. | B32: Long Beach | C32: IN | D32: 45450 | E32: 1836300 | F32: =7200/43560 -> 0.16528926 | H32: 2775 | I32: =E32/H32 -> 661.72973 | J32: Yes | K32: Yes | L32: 2013 | M32: 4 bed / 3.5 bath. Located on Lake Michigan.
A33: 2224 Lake Shore Dr. | B33: Long Beach | C33: IN | D33: 45447 | E33: 1500000 | F33: =7196/43560 -> 0.16519743 | H33: 2080 | I33: =E33/H33 -> 721.15385 | J33: Yes | K33: Yes | L33: 1964 | M33: 4 bed / 2 bath. Located on Lake Michigan.
A34: 113 Hazelwood Trl. | B34: Michigan City | C34: IN | D34: 45435 | E34: 1200000 | F34: 0.46 | H34: 2646 | I34: =E34/H34 -> 453.51474 | J34: No | K34: No | L34: 2019 | M34: 4 bed / 3 bath. Located in Shoreland Hills neighborhood. 0.3 miles from Lake Michigan.
A35: 1625 Lake Shore Dr. | B35: Long Beach | C35: IN | D35: 45401 | E35: 1350000 | F35: =5998/43560 -> 0.13769513 | H35: 2489 | I35: =E35/H35 -> 542.3865 | J35: No | K35: No | L35: 1922 | M35: 3 bed / 3 bath. Located on Lake Michigan.
A36: 2055 Lake Shore Dr. | B36: Long Beach | C36: IN | D36: 45315 | E36: 1243533 | F36: 0.28 | H36: 3098 | I36: =E36/H36 -> 401.39864 | J36: No | K36: No | L36: 1923 | M36: 4 bed / 4.5 bath. Located on Lake Michigan.
A37: 102 Whisper Dunes Dr. | B37: Michigan City | C37: IN | D37: 45194 | E37: 1325000 | F37: 0.75 | H37: 2818 | I37: =E37/H37 -> 470.19163 | J37: No | K37: No | L37: 2021 | M37: 4 bed / 3 bath. Located in Whisper Dunes neighborhood. No amenities.
A38: 1018 Lake Shore Dr. | B38: Michigan City | C38: IN | D38: 45167 | E38: 850000 | F38: =3200/43560 -> 0.073461892 | H38: 2349 | I38: =E38/H38 -> 361.85611 | J38: Yes | K38: Yes | L38: 1918 | M38: 4 bed / 3.5 bath. Located on Lake Michigan.
A39: 2202 Lake Shore Dr. | B39: Long Beach | C39: IN | D39: 45162 | E39: 1800000 | F39: 0.26 | H39: 2964 | I39: =E39/H39 -> 607.28745 | J39: Yes | K39: Yes | L39: 1924 | M39: 4 bed / 3.5 bath. Located on Lake Michigan.
A40: Average | E40: =AVERAGE(E22:E39) -> 1600268.5 | F40: =AVERAGE(F22:F39) -> 0.29536246 | H40: =AVERAGE(H22:H39) -> 3089.8889 | I40: =E40/H40 -> 517.90487 | L40: =AVERAGE(L22:L39) -> 1973.2222
A42: Average | E42: =AVERAGE(E3:E17,E22:E39) -> 1285731.3 | F42: =AVERAGE(F3:F17,F22:F39) -> 0.2160815 | H42: =AVERAGE(H3:H17,H22:H39) -> 2768.7256 | I42: =E42/H42 -> 464.37657 | L42: =AVERAGE(L3:L17,L22:L39) -> 1989.7576

Sheet Entitlement Gantt Chart
C3: Lake Kai - Subdivision Entitlement Process
C5: Month | F5: 1 | G5: =F5+1 -> 2 | H5: =G5+1 -> 3 | I5: =H5+1 -> 4 | J5: =I5+1 -> 5 | K5: =J5+1 -> 6 | L5: =K5+1 -> 7 | M5: =L5+1 -> 8 | N5: =M5+1 -> 9 | ... Q5: =P5+1 -> 12
C6: Days | F6: 31 | G6: 28 | H6: 31 | I6: 30 | J6: 31 | K6: 30 | L6: 31 | M6: 31 | N6: 30 | O6: 31 | P6: 30 | Q6: 31
C7: Cumulative Days | F7: =F6 -> 31 | G7: =G6+F7 -> 59 | H7: =H6+G7 -> 90 | I7: =I6+H7 -> 120 | J7: =J6+I7 -> 151 | K7: =K6+J7 -> 181 | L7: =L6+K7 -> 212 | M7: =M6+L7 -> 243 | N7: =N6+M7 -> 273 | ... Q7: =Q6+P7 -> 365
F8: 46388 | G8: =F8+F6 -> 46419 | H8: =G8+G6 -> 46447 | I8: =H8+H6 -> 46478 | J8: =I8+I6 -> 46508 | K8: =J8+J6 -> 46539 | L8: =K8+K6 -> 46569 | M8: =L8+L6 -> 46600 | N8: =M8+M6 -> 46631 | ... Q8: =P8+P6 -> 46722
C10: Major Subdivision Process
B12: 1 | C12: Design and engineering concluding with submission of concept plan application
B14: 2 | C14: Administrative review of concept plan
B16: 3 | C16: Preliminary plat application
B18: 4 | C18: Administrative review
B20: 5 | C20: Provide development plan (edits to primary plan based off of administrative review)
B22: 6 | C22: Public hearing (plan commission)
B24: 7 | C24: Plan commission approval of primary plat
B26: 8 | C26: Approval of construction plans
B28: 9 | C28: Presale of lots
B30: 10 | C30: Secondary plat application
B32: 11 | C32: Plan committee review
B34: 12 | C34: Plan commission approval of secondary plat
B36: 13 | C36: Michigan City Common Council approval (in the case of a PUD)
F37: 1 | G37: =F37+1 -> 2 | H37: =G37+1 -> 3 | I37: =H37+1 -> 4 | J37: =I37+1 -> 5 | K37: =J37+1 -> 6 | L37: =K37+1 -> 7 | M37: =L37+1 -> 8 | N37: =M37+1 -> 9 | ... Q37: =P37+1 -> 12
C38: Monthly Spend | F38: =SUM(F40:F66) -> 403645.83 | G38: =SUM(G40:G66) -> 78645.833 | H38: =SUM(H40:H66) -> 78645.833 | I38: =SUM(I40:I66) -> 493645.83 | J38: =SUM(J40:J66) -> 43645.833 | K38: =SUM(K40:K66) -> 33645.833 | L38: =SUM(L40:L66) -> 43645.833 | M38: =SUM(M40:M66) -> 243645.83 | ... Q38: =SUM(Q40:Q66) -> 43645.833
C39: Cummulative Spend | F39: =F38 -> 403645.83 | G39: =F39+G38 -> 482291.67 | H39: =G39+H38 -> 560937.5 | I39: =H39+I38 -> 1054583.3 | J39: =I39+J38 -> 1098229.2 | K39: =J39+K38 -> 1131875 | L39: =K39+L38 -> 1175520.8 | M39: =L39+M38 -> 1419166.7 | N39: =M39+N38 -> 1512812.5 | ... Q39: =P39+Q38 -> 1688750
C40: Development Fee | F40: =600000/36 -> 16666.667 | G40: =600000/36 -> 16666.667 | H40: =600000/36 -> 16666.667 | I40: =600000/36 -> 16666.667 | J40: =600000/36 -> 16666.667 | K40: =600000/36 -> 16666.667 | L40: =600000/36 -> 16666.667 | M40: =600000/36 -> 16666.667 | ... Q40: =600000/36 -> 16666.667
C41: Real Estate Taxes | F41: 1562.5 | G41: 1562.5 | H41: 1562.5 | I41: 1562.5 | J41: 1562.5 | K41: 1562.5 | L41: 1562.5 | M41: 1562.5 | N41: 1562.5 | O41: 1562.5 | P41: 1562.5 | Q41: 1562.5
C42: Insurance | F42: 10416.667 | G42: 10416.667 | H42: 10416.667 | I42: 10416.667 | J42: 10416.667 | K42: 10416.667 | L42: 10416.667 | M42: 10416.667 | N42: 10416.667 | O42: 10416.667 | P42: 10416.667 | Q42: 10416.667
C43: Residential Market Study | F43: 10000
C44: Boundary & Topographic Survey | F44: 35000
C45: Conceptual Civil Engineering | F45: 80000
C46: Planning / Zoning Consultant | F46: 100000
C47: Environmental Phase I | F47: 5000
C48: Wetlands Delineation | F48: 60000
C49: Traffic Memo (Concept Level) | F49: 15000
C50: Legal (Entitlement Strategy, Filings, etc.) | F50: 20000
C51: Detailed Civil Engineering (Primary Plat, Lake Design, Utilities) | I51: 140000
C52: Stormwater / Hydrology Model | I52: 75000
C53: Landscape Architecture (Buffers, Lake Edges, Open Space) | I53: 120000
C54: Geotechnical Borings & Reports | I54: 20000
C55: Traffic Study (Full) | I55: 30000
C56: Public Hearing Support | L56: 10000
C57: Legal (Hearings, Negotiations, Approvals) | I57: 30000
C58: Final Construction Drawings | M58: 150000
C59: Engineer Revisions / Agency Comments to Construction Plan | M59: 60000
C60: Cost Estimates (For Lender / Buyers) | J60: 10000
C61: Brokerage / Presale Support (Marketing, Contracts, etc) | F61: 50000 | G61: 50000 | H61: 50000 | I61: 50000 | J61: 5000 | K61: 5000 | L61: 5000 | M61: 5000 | N61: 5000 | O61: 5000 | P61: 5000 | Q61: 5000
C62: Secondary Plat Survey & Legal Descriptions | N62: 50000
C63: Civil Revisions (Secondary Plat) | O63: 60000
C64: Plan Committee / Commission Filings | Q64: 10000
C65: Legal (Approvals, Recordation) | N65: 10000 | P65: 5000
C66: *The above Gantt chart does not incorporate the 10% contingency included in the proforma.
C68: https://library.municode.com/in/michigan_city/codes/code_of_ordinances?nodeId=MICHIGAN_INDIANA_CODE_APXBSUOR_ART04MASUREAPPR
